Workbook
Name \0: #REF!
Name _________________________esc15: #REF!
Name _________________________esc4: #REF!
Name _________________________esc6: #REF!
Name ________________________esc15: #REF!
Name ________________________esc4: #REF!
Name ________________________esc6: #REF!
Name _______________________esc15: #REF!
Name _______________________esc4: #REF!
Name _______________________esc6: #REF!
Name ______________________esc15: #REF!
Name ______________________esc4: #REF!
Name ______________________esc6: #REF!
Name ____________________esc15: #REF!
Name ____________________esc4: #REF!
Name ____________________esc6: #REF!
Name ___________________esc15: #REF!
Name ___________________esc4: #REF!
Name ___________________esc6: #REF!
Name __________________esc15: #REF!
Name __________________esc4: #REF!
Name __________________esc6: #REF!
Name _________________esc15: #REF!
Name _________________esc4: #REF!
Name _________________esc6: #REF!
Name _______________esc15: #REF!
Name _______________esc4: #REF!
Name _______________esc6: #REF!
Name ______________esc15: #REF!
Name ______________esc4: #REF!
Name ______________esc6: #REF!
Name _____________esc15: #REF!
Name _____________esc4: #REF!
Name _____________esc6: #REF!
Name ____________esc15: #REF!
Name ____________esc4: #REF!
Name ____________esc6: #REF!
Name ___________esc15: #REF!
Name ___________esc4: #REF!
Name ___________esc6: #REF!
Name __________esc15: #REF!
Name __________esc4: #REF!
Name __________esc6: #REF!
Name _________esc15: #REF!
Name _________esc4: #REF!
Name _________esc6: #REF!
Name ________esc15: #REF!
Name ________esc4: #REF!
Name ________esc6: #REF!
Name _______esc15: #REF!
Name _______esc4: #REF!
Name _______esc6: #REF!
Name __xlnm_Database: "#ref!"
Name __xlnm_Recorder: "#ref!"
Name _esc15: #REF!
Name _esc4: #REF!
Name _esc6: #REF!
Name A: #REF!
Name aaaa: #REF!
Name AB: #REF!

Sheet Orçamento Sintético
D2: Objeto: | E2: Bancos | H2: B.D.I. | I2: Encargos Sociais
D3: Registro de preço para futura e eventual contratação de empresa para prestação de implantação e manutenção de serviços de drenagem, restauração de pavimentação em vias e logradouros públicos, inclusive fornecimento de mão de obra, materiais e equipamentos e serviços de manutenção, limpeza, drenagem, dragagem e desassoreamento de rios e córregos. | E3: SINAPI - 11/2022 - Minas Gerais SBC - 12/2022 - Minas Gerais SICRO3 - 07/2022 - Minas Gerais SETOP - 10/2022 - Minas Gerais SUDECAP - 10/2022 - Minas Gerais COPASA - 10/2022 - Minas Gerais | H3: 24,21% | I3: Não Desonerado: embutido nos preços unitário dos insumos de mão de obra, de acordo com as bases.
A5: PLANILHA ORÇAMENTÁRIA
A6: Item | B6: Código | C6: Banco | D6: Descrição | E6: Und | F6: Quant. | G6: Valor Unit | H6: Valor Unit com BDI | I6: Total | J6: Peso (%)
D7: TOTAL GERAL | I7: =SUBTOTAL(9,I8:I366) -> 85567396
A8: 1 | D8: SERVIÇOS PRELIMINARES | I8: =SUBTOTAL(9,I9:I40) -> 734446.94 | J8: =I8/$I$7 -> 0.0085832568
A9: 1.1 | B9: 01.02.11 | C9: SUDECAP | D9: BARRACAO DE OBRA - AREA COBERTA EM TELHA ONDULADA DE FIBROCIMENTO 4MM | E9: m² | F9: 100 | G9: 71.59 | H9: =TRUNC(G9 * (1 + 24.21 / 100), 2) -> 88.92 | I9: =ROUND(F9 * H9, 2) -> 8892 | J9: =I9/$I$7 -> 0.00010391809
A10: 1.2 | B10: ED-16660 | C10: SETOP | D10: FORNECIMENTO E COLOCAÇÃO DE PLACA DE OBRA EM CHAPA GALVANIZADA #26, ESP. 0,45 MM, PLOTADA COM ADESIVO VINÍLICO, AFIXADA COM REBITES 4,8X40 MM, EM ESTRUTURA METÁLICA DE METALON 20X20 MM, ESP. 1,25 MM, INCLUSIVE SUPORTE EM EUCALIPTO AUTOCLAVADO PINTADO COM TINTA PVA DUAS (2) DEMÃOS | E10: m² | F10: 135 | G10: 286.26 | H10: =TRUNC(G10 * (1 + 24.21 / 100), 2) -> 355.56 | I10: =ROUND(F10 * H10, 2) -> 48000.6 | J10: =I10/$I$7 -> 0.00056096834
A11: 1.3 | B11: 01.04.02 | C11: SUDECAP | D11: TAPUME PADRAO SUDECAP (TIPO I, II E III) - COMPENSADO 10MM FIXAÇAO ENTERRADA | E11: M | F11: 500 | G11: 100.6 | H11: =TRUNC(G11 * (1 + 24.21 / 100), 2) -> 124.95 | I11: =ROUND(F11 * H11, 2) -> 62475 | J11: =I11/$I$7 -> 0.00073012622
A12: 1.4 | B12: 98459 | C12: SINAPI | D12: TAPUME COM TELHA METÁLICA. AF_05/2018 | E12: m² | F12: 1000 | G12: 140.55 | H12: =TRUNC(G12 * (1 + 24.21 / 100), 2) -> 174.57 | I12: =ROUND(F12 * H12, 2) -> 174570 | J12: =I12/$I$7 -> 0.0020401462
A13: 1.5 | B13: 01.04.09 | C13: SUDECAP | D13: TAPUME PADRAO SUDECAP (TIPO I, II E III) - TELA-TAPUME DE POLIPROPILENO H= 1,20 M, INCL. BASE | E13: M | F13: 5000 | G13: 8.63 | H13: =TRUNC(G13 * (1 + 24.21 / 100), 2) -> 10.71 | I13: =ROUND(F13 * H13, 2) -> 53550 | J13: =I13/$I$7 -> 0.00062582248
A14: 1.6 | B14: 01.04.10 | C14: SUDECAP | D14: TAPUME PADRAO SUDECAP (TIPO I, II E III) - PROTEÇAO COM FITA ZEBRADA AMARELA L=7CM E PEÇA 7X7 | E14: M | F14: 5000 | G14: 7.27 | H14: =TRUNC(G14 * (1 + 24.21 / 100), 2) -> 9.03 | I14: =ROUND(F14 * H14, 2) -> 45150 | J14: =I14/$I$7 -> 0.00052765425
A15: 1.7 | B15: 01.04.11 | C15: SUDECAP | D15: TAPUME PADRAO SUDECAP (TIPO I, II E III) - FITA ZEBRADA AMARELA PARA SINALIZAÇAO L= 7CM | E15: M | F15: 5000 | G15: 2.99 | H15: =TRUNC(G15 * (1 + 24.21 / 100), 2) -> 3.71 | I15: =ROUND(F15 * H15, 2) -> 18550 | J15: =I15/$I$7 -> 0.00021678818
A16: 1.8 | B16: 01.04.20 | C16: SUDECAP | D16: TAPUME PADRAO SUDECAP (TIPO I, II E III) - REMANEJAMENTO DE TAPUME | E16: M | F16: 1500 | G16: 7.7 | H16: =TRUNC(G16 * (1 + 24.21 / 100), 2) -> 9.56 | I16: =ROUND(F16 * H16, 2) -> 14340 | J16: =I16/$I$7 -> 0.0001675872
A17: 1.9 | B17: 01.05.05 | C17: SUDECAP | D17: CERCA PADRAO SUDECAP - TIPO 1 - PECA 8X8 CADA 2,00M E 5 FIOS ARAME GALVANIZADO | E17: M | F17: 2000 | G17: 17.21 | H17: =TRUNC(G17 * (1 + 24.21 / 100), 2) -> 21.37 | I17: =ROUND(F17 * H17, 2) -> 42740 | J17: =I17/$I$7 -> 0.00049948931
A18: 1.10 | B18: 01.06.01 | C18: SUDECAP | D18: INSTALAÇAO PROVISORIA - CONCESSIONARIA - PADRÃO CEMIG PROVISÓRIO TIPO C3, DEMANDA PROVÁVEL DE 23,1 ATÉ 27,0KW (3F+N) | E18: UN | F18: 5 | G18: 778.42 | H18: =TRUNC(G18 * (1 + 24.21 / 100), 2) -> 966.87 | I18: =ROUND(F18 * H18, 2) -> 4834.35 | J18: =I18/$I$7 -> 5.649757e-05
A19: 1.11 | B19: 01.06.05 | C19: SUDECAP | D19: INSTALAÇAO PROVISORIA - CONCESSIONARIA - PADRAO COPASA - KIT CAVALTE METAL E REGISTRO 3/4" | E19: UN | F19: 5 | G19: 446.5 | H19: =TRUNC(G19 * (1 + 24.21 / 100), 2) -> 554.59 | I19: =ROUND(F19 * H19, 2) -> 2772.95 | J19: =I19/$I$7 -> 3.2406619e-05
A20: 1.12 | B20: 01.08.01 | C20: SUDECAP | D20: REDE INTERNA E PROVISORIA DE AGUA E ESGOTO - TUBO PVC D= 100 MM | E20: M | F20: 300 | G20: 24.1 | H20: =TRUNC(G20 * (1 + 24.21 / 100), 2) -> 29.93 | I20: =ROUND(F20 * H20, 2) -> 8979 | J20: =I20/$I$7 -> 0.00010493483
... A40: 1.32 | B40: 01.11.05 | C40: SUDECAP | D40: SINALIZAÇAO - FAIXA 6,0X0,80M TECIDO MORIM SUPORTE EM EUCALIPTO | E40: UN | F40: 100 | G40: 193.81 | H40: =TRUNC(G40 * (1 + 24.21 / 100), 2) -> 240.73 | I40: =ROUND(F40 * H40, 2) -> 24073 | J40: =I40/$I$7 -> 0.00028133379
A41: 2 | D41: LOCACAO DE REDE E NOTAS DE SERVIÇO | I41: =SUBTOTAL(9,I42) -> 35350 | J41: =I41/$I$7 -> 0.00041312464
A42: 2.1 | B42: 65001171 | C42: Próprio | D42: LOCACAO DE REDE E ELABORACAO DE NOTA DE SERVICO, INCLUSIVE LEVANTAMENTO DE NORMAIS - OBRAS | E42: M | F42: 5000 | G42: 5.7 | H42: =TRUNC(G42 * (1 + 24.21 / 100), 2) -> 7.07 | I42: =ROUND(F42 * H42, 2) -> 35350 | J42: =I42/$I$7 -> 0.00041312464
A43: 3 | D43: MOBILIZAÇÃO E DESMOBILIZAÇÃO DE EQUIPAMENTOS | I43: =SUBTOTAL(9,I44) -> 401294.4 | J43: =I43/$I$7 -> 0.004689805
A44: 3.1 | B44: CPU-998 | C44: Próprio | D44: MOBILIZAÇÃO E DESMOBILIZAÇÃO DE EQUIPAMENTOS COM CAVALO MECÂNICO ESTRADEIRO 6 X 2, PBT 23.000 KG - 265 KW | E44: VG | F44: 480 | G44: 673.08 | H44: =TRUNC(G44 * (1 + 24.21 / 100), 2) -> 836.03 | I44: =ROUND(F44 * H44, 2) -> 401294.4 | J44: =I44/$I$7 -> 0.004689805
A45: 4 | D45: DEMOLIÇÕES E REMOÇÕES | I45: =SUBTOTAL(9,I46:I66) -> 564162.6 | J45: =I45/$I$7 -> 0.0065931958
A46: 4.1 | B46: 02.11.01 | C46: SUDECAP | D46: DEMOLIÇAO DE PASSEIO E PAVIMENTO - PASSEIO OU LAJE DE CONCRETO MANUALMENTE | E46: m² | F46: 1000 | G46: 20.8 | H46: =TRUNC(G46 * (1 + 24.21 / 100), 2) -> 25.83 | I46: =ROUND(F46 * H46, 2) -> 25830 | J46: =I46/$I$7 -> 0.00030186731
A47: 4.2 | B47: 02.11.02 | C47: SUDECAP | D47: DEMOLIÇAO DE PASSEIO E PAVIMENTO - PASSEIO OU LAJE DE CONCRETO C/ EQUIP. PNEUMATICO | E47: m² | F47: 2000 | G47: 13.52 | H47: =TRUNC(G47 * (1 + 24.21 / 100), 2) -> 16.79 | I47: =ROUND(F47 * H47, 2) -> 33580 | J47: =I47/$I$7 -> 0.00039243919
A48: 4.3 | B48: 02.11.05 | C48: SUDECAP | D48: DEMOLIÇAO DE PASSEIO E PAVIMENTO - MANUAL DE ALVENARIA POLIEDRICA | E48: m² | F48: 500 | G48: 6.06 | H48: =TRUNC(G48 * (1 + 24.21 / 100), 2) -> 7.52 | I48: =ROUND(F48 * H48, 2) -> 3760 | J48: =I48/$I$7 -> 4.394197e-05
A49: 4.4 | B49: 02.11.07 | C49: SUDECAP | D49: DEMOLIÇAO DE PASSEIO E PAVIMENTO - DE REVESTIMENTO ASFALTICO COM EQUIP. PNEUMATICO | E49: m² | F49: 5000 | G49: 13.52 | H49: =TRUNC(G49 * (1 + 24.21 / 100), 2) -> 16.79 | I49: =ROUND(F49 * H49, 2) -> 83950 | J49: =I49/$I$7 -> 0.00098109798
A50: 4.5 | B50: 02.12.01 | C50: SUDECAP | D50: CORTE MECANICO EM CONCRETO/ASFALTO - CORTE MECAN. C/ SERRA CIRCULAR EM CONCRETO/ASFALTO | E50: M | F50: 3000 | G50: 1.88 | H50: =TRUNC(G50 * (1 + 24.21 / 100), 2) -> 2.33 | I50: =ROUND(F50 * H50, 2) -> 6990 | J50: =I50/$I$7 -> 8.1689993e-05
A51: 4.6 | B51: 02.13.01 | C51: SUDECAP | D51: DEMOLIÇAO DE CONCRETO INCLUSIVE AFASTAMENTO - SIMPLES - MANUAL | E51: m³ | F51: 50 | G51: 214.55 | H51: =TRUNC(G51 * (1 + 24.21 / 100), 2) -> 266.49 | I51: =ROUND(F51 * H51, 2) -> 13324.5 | J51: =I51/$I$7 -> 0.00015571936
A52: 4.7 | B52: 02.13.02 | C52: SUDECAP | D52: DEMOLIÇAO DE CONCRETO INCLUSIVE AFASTAMENTO - ARMADO - MANUAL | E52: m³ | F52: 50 | G52: 294.75 | H52: =TRUNC(G52 * (1 + 24.21 / 100), 2) -> 366.1 | I52: =ROUND(F52 * H52, 2) -> 18305 | J52: =I52/$I$7 -> 0.00021392494
A53: 4.8 | B53: 02.13.03 | C53: SUDECAP | D53: DEMOLIÇAO DE CONCRETO INCLUSIVE AFASTAMENTO - SIMPLES - COM EQUIPAMENTO ELETRICO | E53: m³ | F53: 50 | G53: 76.69 | H53: =TRUNC(G53 * (1 + 24.21 / 100), 2) -> 95.25 | I53: =ROUND(F53 * H53, 2) -> 4762.5 | J53: =I53/$I$7 -> 5.5657881e-05
A54: 4.9 | B54: 02.13.04 | C54: SUDECAP | D54: DEMOLIÇAO DE CONCRETO INCLUSIVE AFASTAMENTO - ARMADO - COM EQUIPAMENTO ELETRICO | E54: m³ | F54: 100 | G54: 120.98 | H54: =TRUNC(G54 * (1 + 24.21 / 100), 2) -> 150.26 | I54: =ROUND(F54 * H54, 2) -> 15026 | J54: =I54/$I$7 -> 0.00017560427
A55: 4.10 | B55: CPU-1000 | C55: Próprio | D55: REMOÇÃO DE BOCA DE LOBO SIMPLES | E55: UN | F55: 50 | G55: 36.02 | H55: =TRUNC(G55 * (1 + 24.21 / 100), 2) -> 44.74 | I55: =ROUND(F55 * H55, 2) -> 2237 | J55: =I55/$I$7 -> 2.6143135e-05
A56: 4.11 | B56: 02.15.01 | C56: SUDECAP | D56: REMOÇAO DE MEIO-FIO - PREMOLDADO DE CONCRETO | E56: M | F56: 1500 | G56: 7.58 | H56: =TRUNC(G56 * (1 + 24.21 / 100), 2) -> 9.41 | I56: =ROUND(F56 * H56, 2) -> 14115 | J56: =I56/$I$7 -> 0.00016495769
A57: 4.12 | B57: 02.15.02 | C57: SUDECAP | D57: REMOÇAO DE MEIO-FIO - DE PEDRA (GNAISSE, BASALTO ETC.) | E57: M | F57: 100 | G57: 22.76 | H57: =TRUNC(G57 * (1 + 24.21 / 100), 2) -> 28.27 | I57: =ROUND(F57 * H57, 2) -> 2827 | J57: =I57/$I$7 -> 3.3038285e-05
... A66: 4.21 | B66: 02.29.01 | C66: SUDECAP | D66: TRANSPORTE DE MAT.DE QUALQUER NATUREZA EM CAÇAMBA - CAÇAMBA 5m³ | E66: VG | F66: 30 | G66: 269.08 | H66: =TRUNC(G66 * (1 + 24.21 / 100), 2) -> 334.22 | I66: =ROUND(F66 * H66, 2) -> 10026.6 | J66: =I66/$I$7 -> 0.00011717781
A67: 5 | D67: TRABALHOS EM TERRA | I67: =SUBTOTAL(9,I68:I101) -> 4683817.6 | J67: =I67/$I$7 -> 0.054738344
A68: 5.1 | B68: 03.01.01 | C68: SUDECAP | D68: DESMATAMENTO, DESTOCAMENTO E LIMPEZA DO TERRENO - CAPINA MANUAL DE TERRENO | E68: m² | F68: 5000 | G68: 3.33 | H68: =TRUNC(G68 * (1 + 24.21 / 100), 2) -> 4.13 | I68: =ROUND(F68 * H68, 2) -> 20650 | J68: =I68/$I$7 -> 0.00024133024
A69: 5.2 | B69: 03.01.02 | C69: SUDECAP | D69: DESMATAMENTO, DESTOCAMENTO E LIMPEZA DO TERRENO - DESMATAMENTO,DESTOC.E LIMPEZA,INCL.TRANSP. ATE 50M | E69: m² | F69: 60000 | G69: 0.7 | H69: =TRUNC(G69 * (1 + 24.21 / 100), 2) -> 0.86 | I69: =ROUND(F69 * H69, 2) -> 51600 | J69: =I69/$I$7 -> 0.00060303342
A70: 5.3 | B70: 03.01.05 | C70: SUDECAP | D70: DESMATAMENTO, DESTOCAMENTO E LIMPEZA DO TERRENO - ROÇAMENTO COM ROÇADEIRA MECANICA | E70: m² | F70: 20000 | G70: 0.38 | H70: =TRUNC(G70 * (1 + 24.21 / 100), 2) -> 0.47 | I70: =ROUND(F70 * H70, 2) -> 9400 | J70: =I70/$I$7 -> 0.00010985493
A71: 5.4 | B71: 03.03.01 | C71: SUDECAP | D71: ESCAVAÇAO MECANICA INCLUSIVE TRANSPORTE ATE 50 M - EM MATERIAL DE 1ª CATEGORIA | E71: m³ | F71: 14000 | G71: 5.03 | H71: =TRUNC(G71 * (1 + 24.21 / 100), 2) -> 6.24 | I71: =ROUND(F71 * H71, 2) -> 87360 | J71: =I71/$I$7 -> 0.0010209496
A72: 5.5 | B72: 03.03.02 | C72: SUDECAP | D72: ESCAVAÇAO MECANICA INCLUSIVE TRANSPORTE ATE 50 M - EM MATERIAL DE 2ª CATEGORIA | E72: m³ | F72: 5000 | G72: 7.29 | H72: =TRUNC(G72 * (1 + 24.21 / 100), 2) -> 9.05 | I72: =ROUND(F72 * H72, 2) -> 45250 | J72: =I72/$I$7 -> 0.00052882292
A73: 5.6 | B73: 03.05.01 | C73: SUDECAP | D73: ESCAVAÇAO E CARGA MECANIZADA - EM MATERIAL DE 1ª CATEGORIA | E73: m³ | F73: 40000 | G73: 6.68 | H73: =TRUNC(G73 * (1 + 24.21 / 100), 2) -> 8.29 | I73: =ROUND(F73 * H73, 2) -> 331600 | J73: =I73/$I$7 -> 0.0038753078
A74: 5.7 | B74: 03.05.02 | C74: SUDECAP | D74: ESCAVAÇAO E CARGA MECANIZADA - EM MATERIAL DE 2ª CATEGORIA | E74: m³ | F74: 5000 | G74: 8.88 | H74: =TRUNC(G74 * (1 + 24.21 / 100), 2) -> 11.02 | I74: =ROUND(F74 * H74, 2) -> 55100 | J74: =I74/$I$7 -> 0.00064393685
A75: 5.8 | B75: 03.16.01 | C75: SUDECAP | D75: ESCAVAÇAO DE MATERIAL DE 3ª CATEGORIA - EM RETANGULAO COM MARTELO ELETRICO DE 30KG | E75: m³ | F75: 500 | G75: 286.31 | H75: =TRUNC(G75 * (1 + 24.21 / 100), 2) -> 355.62 | I75: =ROUND(F75 * H75, 2) -> 177810 | J75: =I75/$I$7 -> 0.0020780111
A76: 5.9 | B76: 03.07.02 | C76: SUDECAP | D76: ESCAVAÇAO E CARGA EM MATERIAL DE 3ª CATEGORIA - COM UTILIZAÇAO DE EQUIPAMENTO A AR COMPRIMIDO | E76: m³ | F76: 500 | G76: 123.96 | H76: =TRUNC(G76 * (1 + 24.21 / 100), 2) -> 153.97 | I76: =ROUND(F76 * H76, 2) -> 76985 | J76: =I76/$I$7 -> 0.00089970016
A77: 5.10 | B77: 03.12.01 | C77: SUDECAP | D77: CARGA DE MATERIAL DE QQUER NATUREZA SOBRE CAMINHAO - MANUAL | E77: m³ | F77: 500 | G77: 19.93 | H77: =TRUNC(G77 * (1 + 24.21 / 100), 2) -> 24.75 | I77: =ROUND(F77 * H77, 2) -> 12375 | J77: =I77/$I$7 -> 0.00014462284
A78: 5.11 | B78: 03.12.03 | C78: SUDECAP | D78: CARGA DE MATERIAL DE QQUER NATUREZA SOBRE CAMINHAO - MECANICA | E78: m³ | F78: 60000 | G78: 2.84 | H78: =TRUNC(G78 * (1 + 24.21 / 100), 2) -> 3.52 | I78: =ROUND(F78 * H78, 2) -> 211200 | J78: =I78/$I$7 -> 0.0024682298
A79: 5.12 | B79: 03.13.04 | C79: SUDECAP | D79: TRANSPORTE DE MATERIAL DE QUALQUER NATUREZA - DMT > 5 KM | E79: M3KM | F79: 780000 | G79: 1.87 | H79: =TRUNC(G79 * (1 + 24.21 / 100), 2) -> 2.32 | I79: =ROUND(F79 * H79, 2) -> 1809600 | J79: =I79/$I$7 -> 0.021148242
... A101: 5.34 | B101: RO-40217 | C101: Próprio | D101: ESCAVAÇÃO EM MATERIAL DE 3ª CATEGORIA COM ESGOTAMENTO DE ÀGUA | E101: m³ | F101: 100 | G101: 109.89 | H101: =TRUNC(G101 * (1 + 24.21 / 100), 2) -> 136.49 | I101: =ROUND(F101 * H101, 2) -> 13649 | J101: =I101/$I$7 -> 0.00015951169
A102: 6 | D102: FUNDAÇÕES | I102: =SUBTOTAL(9,I103:I112) -> 1742606.3 | J102: =I102/$I$7 -> 0.020365307
A103: 6.1 | B103: 04.01.01 | C103: SUDECAP | D103: TUBULAO A CEU ABERTO - ESCAVAÇAO MANUAL DE TUBULAO A CEU ABERTO | E103: m³ | F103: 100 | G103: 273.69 | H103: =TRUNC(G103 * (1 + 24.21 / 100), 2) -> 339.95 | I103: =ROUND(F103 * H103, 2) -> 33995 | J103: =I103/$I$7 -> 0.00039728917
A104: 6.2 | B104: 04.13.04 | C104: SUDECAP | D104: FORMA, ESCORAMENTO, DESFORMA E LIMPEZA EM FUNDAÇAO - DE TABUA DE MADEIRA DE LEI | E104: m² | F104: 1000 | G104: 74.02 | H104: =TRUNC(G104 * (1 + 24.21 / 100), 2) -> 91.94 | I104: =ROUND(F104 * H104, 2) -> 91940 | J104: =I104/$I$7 -> 0.0010744747
A105: 6.3 | B105: 04.13.14 | C105: SUDECAP | D105: FORMA, ESCORAMENTO, DESFORMA E LIMPEZA EM FUNDAÇAO - DE COMPENSADO RESINADO ESPESSURA MINIMA >= 12MM | E105: m² | F105: 2000 | G105: 77.48 | H105: =TRUNC(G105 * (1 + 24.21 / 100), 2) -> 96.23 | I105: =ROUND(F105 * H105, 2) -> 192460 | J105: =I105/$I$7 -> 0.0022492212
A106: 6.4 | B106: CPU-022 | C106: Próprio | D106: CORTE, DOBRA E MONTAGEM DE AÇO CA-50 DIÂMETRO (6,3MM A 12,5MM) | E106: KG | F106: 10000 | G106: 14.01 | H106: =TRUNC(G106 * (1 + 24.21 / 100), 2) -> 17.4 | I106: =ROUND(F106 * H106, 2) -> 174000 | J106: =I106/$I$7 -> 0.0020334848
A107: 6.5 | B107: CPU-023 | C107: Próprio | D107: CORTE, DOBRA E MONTAGEM DE AÇO CA-50/60 | E107: KG | F107: 5000 | G107: 13.75 | H107: =TRUNC(G107 * (1 + 24.21 / 100), 2) -> 17.07 | I107: =ROUND(F107 * H107, 2) -> 85350 | J107: =I107/$I$7 -> 0.00099745935
A108: 6.6 | B108: 40.09.25 | C108: SUDECAP | D108: CONCRETO CONVENCIONAL B1-B2 CALC., LANC. EM FUND. - CONCRETO FCK >= 25 MPA, BRITA CALCÁRIA, PREPARADO EM OBRA E LANÇADO EM FUNDAÇÃO | E108: m³ | F108: 200 | G108: 684.22 | H108: =TRUNC(G108 * (1 + 24.21 / 100), 2) -> 849.86 | I108: =ROUND(F108 * H108, 2) -> 169972 | J108: =I108/$I$7 -> 0.0019864108
A109: 6.7 | B109: 04.23.25 | C109: SUDECAP | D109: CONCRETO USINADO B1,B2 LANÇADO EM FUNDAÇAO - FCK >= 25 MPA, BRITA CALCARIA, USINADO CONVENCIONAL, LANÇADO EM FUNDAÇÃO | E109: m³ | F109: 500 | G109: 634.12 | H109: =TRUNC(G109 * (1 + 24.21 / 100), 2) -> 787.64 | I109: =ROUND(F109 * H109, 2) -> 393820 | J109: =I109/$I$7 -> 0.0046024539
A110: 6.8 | B110: 04.30.11 | C110: SUDECAP | D110: BALDRAME DE ALVENARIA DE BLOCO DE CONCRETO(SAPATA) - E= 20 CM PREENCHIDO COM CONCRETO 1:4:8 (5MPA) | E110: m³ | F110: 10 | G110: 778.63 | H110: =TRUNC(G110 * (1 + 24.21 / 100), 2) -> 967.13 | I110: =ROUND(F110 * H110, 2) -> 9671.3 | J110: =I110/$I$7 -> 0.00011302553
A111: 6.9 | B111: 04.30.13 | C111: SUDECAP | D111: BALDRAME DE ALVENARIA DE BLOCO DE CONCRETO(SAPATA) - E= 20 CM PREENCHIDO COM CONCRETO 1:3:6 (10MPA) | E111: m³ | F111: 20 | G111: 785.29 | H111: =TRUNC(G111 * (1 + 24.21 / 100), 2) -> 975.4 | I111: =ROUND(F111 * H111, 2) -> 19508 | J111: =I111/$I$7 -> 0.00022798403
A112: 6.10 | B112: CPU-106 | C112: Próprio | D112: CRAVAÇÃO DE ESTACA DE EUCALIPTO DIÂMETRO ENTRE 20 E 25 CM - INCLUSIVE ESTACA DE EUCALIPTO | E112: M | F112: 3000 | G112: 153.48 | H112: =TRUNC(G112 * (1 + 24.21 / 100), 2) -> 190.63 | I112: =ROUND(F112 * H112, 2) -> 571890 | J112: =I112/$I$7 -> 0.0066835036
A113: 7 | D113: DRENAGEM | I113: =SUBTOTAL(9,I114:I241) -> 21224046 | J113: =I113/$I$7 -> 0.24803894
A114: 7.1 | B114: 40.87.04 | C114: SUDECAP | D114: TUBO CONC.ARMADO JUNTA ELASTICA,NBR8890 CLASSE EA2 - DN= 400 MM | E114: M | F114: 1000 | G114: 196.22 | H114: =TRUNC(G114 * (1 + 24.21 / 100), 2) -> 243.72 | I114: =ROUND(F114 * H114, 2) -> 243720 | J114: =I114/$I$7 -> 0.0028482811
A115: 7.2 | B115: 40.87.06 | C115: SUDECAP | D115: TUBO CONC.ARMADO JUNTA ELASTICA,NBR8890 CLASSE EA2 - DN= 600 MM | E115: M | F115: 1500 | G115: 315.17 | H115: =TRUNC(G115 * (1 + 24.21 / 100), 2) -> 391.47 | I115: =ROUND(F115 * H115, 2) -> 587205 | J115: =I115/$I$7 -> 0.0068624853
A116: 7.3 | B116: 40.87.08 | C116: SUDECAP | D116: TUBO CONC.ARMADO JUNTA ELASTICA,NBR8890 CLASSE EA2 - DN= 800 MM | E116: M | F116: 2000 | G116: 486.54 | H116: =TRUNC(G116 * (1 + 24.21 / 100), 2) -> 604.33 | I116: =ROUND(F116 * H116, 2) -> 1208660 | J116: =I116/$I$7 -> 0.01412524
A117: 7.4 | B117: 40.87.10 | C117: SUDECAP | D117: TUBO CONC.ARMADO JUNTA ELASTICA,NBR8890 CLASSE EA2 - DN= 1000 MM | E117: M | F117: 1000 | G117: 671.65 | H117: =TRUNC(G117 * (1 + 24.21 / 100), 2) -> 834.25 | I117: =ROUND(F117 * H117, 2) -> 834250 | J117: =I117/$I$7 -> 0.0097496247
A118: 7.5 | B118: CPU-024 | C118: Próprio | D118: TUBO CONC.ARMADO JUNTA ELASTICA,NBR8890 CLASSE EA2 - DN= 1200 MM | E118: M | F118: 500 | G118: 875.84 | H118: =TRUNC(G118 * (1 + 24.21 / 100), 2) -> 1087.88 | I118: =ROUND(F118 * H118, 2) -> 543940 | J118: =I118/$I$7 -> 0.0063568605
A119: 7.6 | B119: CPU-025 | C119: Próprio | D119: TUBO CONC.ARMADO JUNTA ELASTICA,NBR8890 CLASSE EA2 - DN= 1500 MM | E119: M | F119: 500 | G119: 1195.38 | H119: =TRUNC(G119 * (1 + 24.21 / 100), 2) -> 1484.78 | I119: =ROUND(F119 * H119, 2) -> 742390 | J119: =I119/$I$7 -> 0.0086760849
A120: 7.7 | B120: 19.03.04 | C120: SUDECAP | D120: TUBO CORRUGADO PEAD NÃO PERFURADO, PAREDE DUPLA, INTERNA LISA, NBR 21138-3, SN-4 OU EQUIV. - DN=600MM | E120: M | F120: 400 | G120: 782.97 | H120: =TRUNC(G120 * (1 + 24.21 / 100), 2) -> 972.52 | I120: =ROUND(F120 * H120, 2) -> 389008 | J120: =I120/$I$7 -> 0.0045462176
A121: 7.8 | B121: 19.03.11 | C121: SUDECAP | D121: TUBO CORRUGADO PEAD NÃO PERFURADO, PAREDE DUPLA, INTERNA LISA, NBR 21138-3, SN-4 OU EQUIV. - DN=800MM | E121: M | F121: 500 | G121: 1268.39 | H121: =TRUNC(G121 * (1 + 24.21 / 100), 2) -> 1575.46 | I121: =ROUND(F121 * H121, 2) -> 787730 | J121: =I121/$I$7 -> 0.0092059597
A122: 7.9 | B122: 19.03.08 | C122: SUDECAP | D122: TUBO CORRUGADO PEAD NÃO PERFURADO, PAREDE DUPLA, INTERNA LISA, NBR 21138-3, SN-4 OU EQUIV. - DN=1200MM | E122: M | F122: 200 | G122: 2691.96 | H122: =TRUNC(G122 * (1 + 24.21 / 100), 2) -> 3343.68 | I122: =ROUND(F122 * H122, 2) -> 668736 | J122: =I122/$I$7 -> 0.0078153132
A123: 7.10 | B123: 19.04.01 | C123: SUDECAP | D123: REDE TUB. CONCRETO CIMENTO ARI PLUS RS CLASSE PA-1 - DN= 400 MM | E123: M | F123: 100 | G123: 167.51 | H123: =TRUNC(G123 * (1 + 24.21 / 100), 2) -> 208.06 | I123: =ROUND(F123 * H123, 2) -> 20806 | J123: =I123/$I$7 -> 0.00024315336
A124: 7.11 | B124: 19.04.03 | C124: SUDECAP | D124: REDE TUB. CONCRETO CIMENTO ARI PLUS RS CLASSE PA-1 - DN= 600 MM | E124: M | F124: 300 | G124: 278.24 | H124: =TRUNC(G124 * (1 + 24.21 / 100), 2) -> 345.6 | I124: =ROUND(F124 * H124, 2) -> 103680 | J124: =I124/$I$7 -> 0.0012116765
A125: 7.12 | B125: 19.04.05 | C125: SUDECAP | D125: REDE TUB. CONCRETO CIMENTO ARI PLUS RS CLASSE PA-1 - DN= 800 MM | E125: M | F125: 300 | G125: 449.47 | H125: =TRUNC(G125 * (1 + 24.21 / 100), 2) -> 558.28 | I125: =ROUND(F125 * H125, 2) -> 167484 | J125: =I125/$I$7 -> 0.0019573343
... A241: 7.128 | B241: CPU-055 | C241: Próprio | D241: ELETRODO REVESTIDO AWS - E7018, DIAMETRO IGUAL A 4,00 MM | E241: KG | F241: 200 | G241: 26.62 | H241: =TRUNC(G241 * (1 + 24.21 / 100), 2) -> 33.06 | I241: =ROUND(F241 * H241, 2) -> 6612 | J241: =I241/$I$7 -> 7.7272422e-05
A242: 8 | D242: GALERIA CELULAR E/OU CONTENÇOES | I242: =SUBTOTAL(9,I243:I274) -> 19469266 | J242: =I242/$I$7 -> 0.22753136
A243: 8.1 | B243: 05.01.01 | C243: SUDECAP | D243: ENROCAMENTO COM PEDRA DE MAO - JOGADA | E243: T | F243: 10000 | G243: 137.53 | H243: =TRUNC(G243 * (1 + 24.21 / 100), 2) -> 170.82 | I243: =ROUND(F243 * H243, 2) -> 1708200 | J243: =I243/$I$7 -> 0.019963211
A244: 8.2 | B244: 05.01.02 | C244: SUDECAP | D244: ENROCAMENTO COM PEDRA DE MAO - ARRUMADA | E244: m³ | F244: 500 | G244: 282.56 | H244: =TRUNC(G244 * (1 + 24.21 / 100), 2) -> 350.96 | I244: =ROUND(F244 * H244, 2) -> 175480 | J244: =I244/$I$7 -> 0.0020507811
A245: 8.3 | B245: CPU-027 | C245: Próprio | D245: TUBO DE CONCRETO POROSO - D= 0,20 M | E245: M | F245: 500 | G245: 42.04 | H245: =TRUNC(G245 * (1 + 24.21 / 100), 2) -> 52.21 | I245: =ROUND(F245 * H245, 2) -> 26105 | J245: =I245/$I$7 -> 0.00030508115
A246: 8.4 | B246: 05.03.01 | C246: SUDECAP | D246: CONCRETO DE REGULARIZAÇAO - TRAÇO 1:3:6,FORNEC. E LANÇAMENTO SOBRE ENROCAMENTO | E246: m³ | F246: 400 | G246: 614.41 | H246: =TRUNC(G246 * (1 + 24.21 / 100), 2) -> 763.15 | I246: =ROUND(F246 * H246, 2) -> 305260 | J246: =I246/$I$7 -> 0.0035674803
A247: 8.5 | B247: 05.04.01 | C247: SUDECAP | D247: FORMA INCLUSIVE DESFORMA E LIMPEZA - FORMA DE COMPENSADO RESINADO | E247: m² | F247: 1000 | G247: 81.22 | H247: =TRUNC(G247 * (1 + 24.21 / 100), 2) -> 100.88 | I247: =ROUND(F247 * H247, 2) -> 100880 | J247: =I247/$I$7 -> 0.0011789537
A248: 8.6 | B248: 05.05.01 | C248: SUDECAP | D248: ARMAÇAO INCLUSIVE CORTE, DOBRA E COLOCAÇAO - AÇO CA-50 OU CA-60 | E248: KG | F248: 10000 | G248: 12.14 | H248: =TRUNC(G248 * (1 + 24.21 / 100), 2) -> 15.07 | I248: =ROUND(F248 * H248, 2) -> 150700 | J248: =I248/$I$7 -> 0.0017611848
A249: 8.7 | B249: 05.06.01 | C249: SUDECAP | D249: JUNTA ELASTICA - JUNTA ELASTICA 0-22, FUNGENBAND OU EQUIVALENTE | E249: M | F249: 20 | G249: 86 | H249: =TRUNC(G249 * (1 + 24.21 / 100), 2) -> 106.82 | I249: =ROUND(F249 * H249, 2) -> 2136.4 | J249: =I249/$I$7 -> 2.4967454e-05
A250: 8.8 | B250: 05.06.02 | C250: SUDECAP | D250: JUNTA ELASTICA - JUNTA ELASTICA 0-12, FUNGENBAND OU EQUIVALENTE | E250: M | F250: 50 | G250: 64.46 | H250: =TRUNC(G250 * (1 + 24.21 / 100), 2) -> 80.06 | I250: =ROUND(F250 * H250, 2) -> 4003 | J250: =I250/$I$7 -> 4.6781837e-05
A251: 8.9 | B251: 05.07.25 | C251: SUDECAP | D251: CONCRETO ESTRUTURAL, FORN. APLICAÇAO E ADENSAMENTO - FCK >= 25 MPA, BRITA CALCÁRIA, PREPARADO EM OBRA E LANÇADO EM GALERIAS/CONTENÇÕES | E251: m³ | F251: 100 | G251: 684.08 | H251: =TRUNC(G251 * (1 + 24.21 / 100), 2) -> 849.69 | I251: =ROUND(F251 * H251, 2) -> 84969 | J251: =I251/$I$7 -> 0.00099300672
A252: 8.10 | B252: 05.07.46 | C252: SUDECAP | D252: CONCRETO ESTRUTURAL, FORN. APLICAÇAO E ADENSAMENTO - FCK >= 30 MPA, BRITA CALCÁRIA, USINADO CONVENCIONAL, LANÇADO EM GALERIAS/CONTENÇÕES | E252: m³ | F252: 100 | G252: 652.01 | H252: =TRUNC(G252 * (1 + 24.21 / 100), 2) -> 809.86 | I252: =ROUND(F252 * H252, 2) -> 80986 | J252: =I252/$I$7 -> 0.00094645862
A253: 8.11 | B253: 05.09.01 | C253: SUDECAP | D253: FORNECIMENTO E LANÇAMENTO DE MATERIAL DRENANTE - CASCALHO (COM ADENSAMENTO HIDRAULICO) | E253: m³ | F253: 10000 | G253: 200.4 | H253: =TRUNC(G253 * (1 + 24.21 / 100), 2) -> 248.91 | I253: =ROUND(F253 * H253, 2) -> 2489100 | J253: =I253/$I$7 -> 0.029089351
A254: 8.12 | B254: 05.09.02 | C254: SUDECAP | D254: FORNECIMENTO E LANÇAMENTO DE MATERIAL DRENANTE - BRITA | E254: m³ | F254: 1000 | G254: 184.18 | H254: =TRUNC(G254 * (1 + 24.21 / 100), 2) -> 228.76 | I254: =ROUND(F254 * H254, 2) -> 228760 | J254: =I254/$I$7 -> 0.0026734482
... A274: 8.32 | B274: 20.10.03 | C274: SUDECAP | D274: DMT > 10KM | E274: TxKM | F274: 1440000 | G274: 0.97 | H274: =TRUNC(G274 * (1 + 24.21 / 100), 2) -> 1.2 | I274: =ROUND(F274 * H274, 2) -> 1728000 | J274: =I274/$I$7 -> 0.020194608
A275: 9 | D275: ESTRUTURAS DE CONCRETO E METÁLICA | I275: =SUBTOTAL(9,I276:I283) -> 622616.5 | J275: =I275/$I$7 -> 0.0072763287
A276: 9.1 | B276: 06.01.05 | C276: SUDECAP | D276: FORMA, ESCORAMENTO, DESFORMA E LIMPEZA - ESTRUTURA - DE COMPENSADO RESINADO ESPESSURA >= 12MM | E276: m² | F276: 500 | G276: 98.43 | H276: =TRUNC(G276 * (1 + 24.21 / 100), 2) -> 122.25 | I276: =ROUND(F276 * H276, 2) -> 61125 | J276: =I276/$I$7 -> 0.00071434919
A277: 9.2 | B277: CPU-022 | C277: Próprio | D277: CORTE, DOBRA E MONTAGEM DE AÇO CA-50 DIÂMETRO (6,3MM A 12,5MM) | E277: KG | F277: 10000 | G277: 14.01 | H277: =TRUNC(G277 * (1 + 24.21 / 100), 2) -> 17.4 | I277: =ROUND(F277 * H277, 2) -> 174000 | J277: =I277/$I$7 -> 0.0020334848
A278: 9.3 | B278: CPU-028 | C278: Próprio | D278: CORTE, DOBRA E MONTAGEM DE AÇO CA-50 DIÂMETRO (16,0MM A 25,0MM) | E278: KG | F278: 5000 | G278: 12.96 | H278: =TRUNC(G278 * (1 + 24.21 / 100), 2) -> 16.09 | I278: =ROUND(F278 * H278, 2) -> 80450 | J278: =I278/$I$7 -> 0.00094019455
A279: 9.4 | B279: CPU-023 | C279: Próprio | D279: CORTE, DOBRA E MONTAGEM DE AÇO CA-50/60 | E279: KG | F279: 2000 | G279: 13.74 | H279: =TRUNC(G279 * (1 + 24.21 / 100), 2) -> 17.06 | I279: =ROUND(F279 * H279, 2) -> 34120 | J279: =I279/$I$7 -> 0.00039875001
A280: 9.5 | B280: 06.05.25 | C280: SUDECAP | D280: CONCRETO CONVENCIONAL B1,B2 LANÇADO EM ESTRUTURA - FCK >= 25 MPA, BRITA CALCÁRIA, PREPARADO EM OBRA E LANÇADO EM ESTRUTURA | E280: m³ | F280: 50 | G280: 684.08 | H280: =TRUNC(G280 * (1 + 24.21 / 100), 2) -> 849.69 | I280: =ROUND(F280 * H280, 2) -> 42484.5 | J280: =I280/$I$7 -> 0.00049650336
A281: 9.6 | B281: 06.07.25 | C281: SUDECAP | D281: CONCRETO USINADO B1,B2 LANÇADO EM ESTRUTURA - FCK >= 25 MPA, BRITA CALCÁRIA, USINADO CONVENCIONAL, LANÇADO EM ESTRUTURA | E281: m³ | F281: 100 | G281: 636.15 | H281: =TRUNC(G281 * (1 + 24.21 / 100), 2) -> 790.16 | I281: =ROUND(F281 * H281, 2) -> 79016 | J281: =I281/$I$7 -> 0.00092343583
A282: 9.7 | B282: 06.09.30 | C282: SUDECAP | D282: CONCRETO USINADO BOMBEADO LANÇADO EM ESTRUTURA - FCK >= 30 MPA, BRITA CALCÁRIA, USINADO BOMBEÁVEL, LANÇADO EM ESTRUTURA | E282: m³ | F282: 100 | G282: 716.02 | H282: =TRUNC(G282 * (1 + 24.21 / 100), 2) -> 889.36 | I282: =ROUND(F282 * H282, 2) -> 88936 | J282: =I282/$I$7 -> 0.0010393678
A283: 9.8 | B283: 40.08.19 | C283: SUDECAP | D283: CONCRETO FCK >= 15 MPA, B1-B2 CALCARIA - PREPARO | E283: m³ | F283: 100 | G283: 503.06 | H283: =TRUNC(G283 * (1 + 24.21 / 100), 2) -> 624.85 | I283: =ROUND(F283 * H283, 2) -> 62485 | J283: =I283/$I$7 -> 0.00073024309
A284: 10 | D284: ESGOTO | I284: =SUBTOTAL(9,I285:I286) -> 34376.4 | J284: =I284/$I$7 -> 0.00040174648
...

Sheet Orçamento Analítico
A1: PREFEITURA MUNICIPAL DE SANTA LUZIA
C2: Objeto: | E2: Bancos | G2: B.D.I. | I2: Encargos Sociais
C3: Registro de preço para futura e eventual contratação de empresa para prestação de implantação e manutenção de serviços de drenagem, restauração de pavimentação em vias e logradouros públicos, inclusive fornecimento de mão de obra, materiais e equipamentos e serviços de manutenção, limpeza, drenagem, dragagem e desassoreamento de rios e córregos. | E3: SINAPI - 11/2022 - Minas Gerais SBC - 12/2022 - Minas Gerais SICRO3 - 07/2022 - Minas Gerais SETOP - 10/2022 - Minas Gerais SUDECAP - 10/2022 - Minas Gerais COPASA - 10/2022 - Minas Gerais | G3: 24,21% | I3: Não Desonerado: embutido nos preços unitário dos insumos de mão de obra, de acordo com as bases.
A5: PLANILHA ORÇAMENTÁRIA ANALÍTICA
B6: Código | C6: Banco | D6: Descrição | E6: Tipo | G6: Und | H6: Quant. | I6: Valor Unit | J6: Total
A7: 1 | D7: SERVIÇOS PRELIMINARES
A8: 1.1 | B8: Código | C8: Banco | D8: Descrição | E8: Tipo | G8: Und | H8: Quant. | I8: Valor Unit | J8: Total
A9: Composição | B9: 01.02.11 | C9: SUDECAP | D9: BARRACAO DE OBRA - AREA COBERTA EM TELHA ONDULADA DE FIBROCIMENTO 4MM | E9: BARRACAO DE OBRA | G9: m² | H9: 1 | I9: 71.59 | J9: 71.59
A10: Insumo | B10: 55.10.88 | C10: SUDECAP | D10: SERVENTE | E10: Mão de Obra | G10: H | H10: 0.81443952 | I10: 15.79 | J10: 12.86
A11: Insumo | B11: 67.20.26 | C11: SUDECAP | D11: PARAFUSO ZINCADO ROSCA SOBERBA, CABECA SEXTAVADA, 5/16 " X 110 MM, PARA FIXACAO DE TELHA EM MADEIRA | E11: Material | G11: UN | H11: 0.55 | I11: 1.67 | J11: 0.91
A12: Insumo | B12: 71.01.05 | C12: SUDECAP | D12: TABUA DE MADEIRA APARELHADA *2,5 X 25* CM, MACARANDUBA, ANGELIM OU EQUIVALENTE DA REGIAO | E12: Material | G12: m² | H12: 0.25 | I12: 85 | J12: 21.25
A13: Insumo | B13: 55.10.50 | C13: SUDECAP | D13: CARPINTEIRO | E13: Mão de Obra | G13: H | H13: 1 | I13: 22.52 | J13: 22.52
A14: Insumo | B14: 67.02.10 | C14: SUDECAP | D14: TELHA DE FIBROCIMENTO ONDULADA E = 4 MM, DE 2,44 X 0,50 M (SEM AMIANTO) | E14: Material | G14: m² | H14: 0.4224 | I14: 20.31 | J14: 8.57
A15: Insumo | B15: 71.04.08 | C15: SUDECAP | D15: PECA DE MADEIRA DE PINUS 5,5X5,5 CM | E15: Material | G15: M | H15: 1.6995 | I15: 2.78 | J15: 4.72
A16: Insumo | B16: 77.05.51 | C16: SUDECAP | D16: PREGO DE ACO POLIDO COM CABECA 18 X 30 (2 3/4 X 10) | E16: Material | G16: KG | H16: 0.05 | I16: 15.22 | J16: 0.76
A20: 1.2 | B20: Código | C20: Banco | D20: Descrição | E20: Tipo | G20: Und | H20: Quant. | I20: Valor Unit | J20: Total
A21: Composição | B21: ED-16660 | C21: SETOP | D21: FORNECIMENTO E COLOCAÇÃO DE PLACA DE OBRA EM CHAPA GALVANIZADA #26, ESP. 0,45 MM, PLOTADA COM ADESIVO VINÍLICO, AFIXADA COM REBITES 4,8X40 MM, EM ESTRUTURA METÁLICA DE METALON 20X20 MM, ESP. 1,25 MM, INCLUSIVE SUPORTE EM EUCALIPTO AUTOCLAVADO PINTADO COM TINTA PVA DUAS (2) DEMÃOS | E21: ED- | G21: m² | H21: 1 | I21: 286.26 | J21: 286.26
A22: A | B22: Código | C22: Banco | D22: Equipamentos | E22: Utilização | G22: Custo Operacional | I22: Consumo | J22: Custo Horário
E23: Operativa | F23: Improdutiva | G23: Operativa | H23: Improdutiva
G24: (A) Total: | J24: 0
A25: B | B25: Código | C25: Banco | D25: Mão de Obra | G25: Unidade | H25: Custo Unitário | I25: Consumo | J25: Custo Horário
G26: (B) Total: | J26: 0
G27: Custo Horário de Execução (A) + (B): | J27: 0
G28: (D) Produção da Equipe: | J28: 1
G29: Custo Unitário de Execução [(A) + (B)] / (D): | J29: 0
A30: F | B30: Banco | C30: Código | D30: Material | G30: Unidade | H30: Custo Unitário | I30: Quantidade | J30: Custo Horário
G31: (F)Total: | J31: 0
A32: G | B32: Banco | C32: Código | D32: Serviços | G32: Unidade | H32: Custo Unitário | I32: Quantidade | J32: Custo Horário
A33: Atividade Auxiliar | B33: SETOP | C33: ED-16670 | D33: PLACA DE OBRA EM CHAPA GALVANIZADA ENRIJECIDA, PLOTADA COM ADESIVO VINÍLICO, FIXADA COM REBITES 4,8X40MM, EM ESTRUTURA METÁLICA DE METALON | G33: m² | H33: 252.98 | I33: 1 | J33: 252.98
A34: Atividade Auxiliar | B34: SETOP | C34: ED-16671 | D34: FIXAÇÃO DE PLACA DE OBRA EM SUPORTE DE EUCALIPTO AUTOCLAVADO, INCLUSIVE PINTURA LÁTEX (PVA) EM SUPERFÍCIE DE MADEIRA, EM DUAS (2) DEMÃOS E ESCAVAÇÃO ( | G34: m² | H34: 33.28 | I34: 1 | J34: 33.28
G35: (G) Total: | J35: 286.26
J38: 0
A39: 1.3 | B39: Código | C39: Banco | D39: Descrição | E39: Tipo | G39: Und | H39: Quant. | I39: Valor Unit | J39: Total
A40: Composição | B40: 01.04.02 | C40: SUDECAP | D40: TAPUME PADRAO SUDECAP (TIPO I, II E III) - COMPENSADO 10MM FIXAÇAO ENTERRADA | E40: TAPUME PADRAO SUDECAP (TIPO I, II E III) | G40: M | H40: 1 | I40: 100.6 | J40: 100.6
A41: Insumo | B41: 55.10.50 | C41: SUDECAP | D41: CARPINTEIRO | E41: Mão de Obra | G41: H | H41: 0.8 | I41: 22.52 | J41: 18.01
A42: Insumo | B42: 55.10.81 | C42: SUDECAP | D42: PINTOR | E42: Mão de Obra | G42: H | H42: 0.4 | I42: 22.52 | J42: 9
A43: Insumo | B43: 55.10.88 | C43: SUDECAP | D43: SERVENTE | E43: Mão de Obra | G43: H | H43: 1.2 | I43: 12.35 | J43: 14.82
A44: Insumo | B44: 71.01.05 | C44: SUDECAP | D44: TABUA DE MADEIRA APARELHADA *2,5 X 25* CM, MACARANDUBA, ANGELIM OU EQUIVALENTE DA REGIAO | E44: Material | G44: m² | H44: 0.0525 | I44: 85 | J44: 4.46
A45: Insumo | B45: 71.04.08 | C45: SUDECAP | D45: PECA DE MADEIRA DE PINUS 5,5X5,5 CM | E45: Material | G45: M | H45: 2.3386 | I45: 2.78 | J45: 6.5
A46: Insumo | B46: 71.14.06 | C46: SUDECAP | D46: CHAPA DE MADEIRA COMPENSADA RESINADA PARA FORMA DE CONCRETO, DE *2,2 X 1,1* M, E = 10 MM | E46: Material | G46: m² | H46: 1.1 | I46: 31.4 | J46: 34.54
A47: Insumo | B47: 77.05.51 | C47: SUDECAP | D47: PREGO DE ACO POLIDO COM CABECA 18 X 30 (2 3/4 X 10) | E47: Material | G47: KG | H47: 0.4 | I47: 15.22 | J47: 6.08
A48: Insumo | B48: 75.01.05 | C48: SUDECAP | D48: TINTA LATEX PVA PREMIUM, COR BRANCA | E48: Material | G48: LATA | H48: 0.0187 | I48: 384.9 | J48: 7.19
J51: 0
A52: 1.4 | B52: Código | C52: Banco | D52: Descrição | E52: Tipo | G52: Und | H52: Quant. | I52: Valor Unit | J52: Total
A53: Composição | B53: 98459 | C53: SINAPI | D53: TAPUME COM TELHA METÁLICA. AF_05/2018 | E53: CANT - CANTEIRO DE OBRAS | G53: m² | H53: 1 | I53: 140.55 | J53: 140.55
A54: Composição Auxiliar | B54: 88239 | C54: SINAPI | D54: AJUDANTE DE CARPINTEIRO COM ENCARGOS COMPLEMENTARES | E54: SEDI - SERVIÇOS DIVERSOS | G54: H | H54: 0.12094823 | I54: 20.67 | J54: 2.5
A55: Composição Auxiliar | B55: 88262 | C55: SINAPI | D55: CARPINTEIRO DE FORMAS COM ENCARGOS COMPLEMENTARES | E55: SEDI - SERVIÇOS DIVERSOS | G55: H | H55: 0.4 | I55: 25.62 | J55: 10.24
A56: Composição Auxiliar | B56: 91692 | C56: SINAPI | D56: SERRA CIRCULAR DE BANCADA COM MOTOR ELÉTRICO POTÊNCIA DE 5HP, COM COIFA PARA DISCO 10" - CHP DIURNO. AF_08/2015 | E56: CHOR - CUSTOS HORÁRIOS DE MÁQUINAS E EQUIPAMENTOS | G56: CHP | H56: 0.0044 | I56: 29.08 | J56: 0.12
A57: Composição Auxiliar | B57: 91693 | C57: SINAPI | D57: SERRA CIRCULAR DE BANCADA COM MOTOR ELÉTRICO POTÊNCIA DE 5HP, COM COIFA PARA DISCO 10" - CHI DIURNO. AF_08/2015 | E57: CHOR - CUSTOS HORÁRIOS DE MÁQUINAS E EQUIPAMENTOS | G57: CHI | H57: 0.0191 | I57: 28.06 | J57: 0.53
A58: Composição Auxiliar | B58: 94974 | C58: SINAPI | D58: CONCRETO MAGRO PARA LASTRO, TRAÇO 1:4,5:4,5 (EM MASSA SECA DE CIMENTO/ AREIA MÉDIA/ BRITA 1) - PREPARO MANUAL. AF_05/2021 | E58: FUES - FUNDAÇÕES E ESTRUTURAS | G58: m³ | H58: 0.0012 | I58: 440.47 | J58: 0.52
A59: Insumo | B59: 00003992 | C59: SINAPI | D59: TABUA APARELHADA *2,5 X 30* CM, EM MACARANDUBA, ANGELIM OU EQUIVALENTE DA REGIAO | E59: Material | G59: M | H59: 1 | I59: 48.1 | J59: 48.1
A60: Insumo | B60: 00004433 | C60: SINAPI | D60: CAIBRO NAO APARELHADO *7,5 X 7,5* CM, EM MACARANDUBA, ANGELIM OU EQUIVALENTE DA REGIAO - BRUTA | E60: Material | G60: M | H60: 1.2273 | I60: 40.54 | J60: 49.75
A61: Insumo | B61: 00005061 | C61: SINAPI | D61: PREGO DE ACO POLIDO COM CABECA 18 X 27 (2 1/2 X 10) | E61: Material | G61: KG | H61: 0.0428 | I61: 24 | J61: 1.02
A62: Insumo | B62: 00007243 | C62: SINAPI | D62: TELHA TRAPEZOIDAL EM ACO ZINCADO, SEM PINTURA, ALTURA DE APROXIMADAMENTE 40 MM, ESPESSURA DE 0,50 MM E LARGURA UTIL DE 980 MM | E62: Material | G62: m² | H62: 0.5853 | I62: 47.45 | J62: 27.77
J65: 0
A66: 1.5 | B66: Código | C66: Banco | D66: Descrição | E66: Tipo | G66: Und | H66: Quant. | I66: Valor Unit | J66: Total
A67: Composição | B67: 01.04.09 | C67: SUDECAP | D67: TAPUME PADRAO SUDECAP (TIPO I, II E III) - TELA-TAPUME DE POLIPROPILENO H= 1,20 M, INCL. BASE | E67: TAPUME PADRAO SUDECAP (TIPO I, II E III) | G67: M | H67: 1 | I67: 8.63 | J67: 8.63
A68: Composição Auxiliar | B68: 40.20.11 | C68: SUDECAP | D68: FORMA DE TABUA DE PINHO DE 3a. TIPO E (P/ BERCO) | E68: FORMA E ESCORAMENTO | G68: m² | H68: 0.02 | I68: 26.59 | J68: 0.53
A69: Composição Auxiliar | B69: 40.09.05 | C69: SUDECAP | D69: CONCRETO 1:4:8, B1-B2 CALCARIA,LANCADO EM FUNDACAO | E69: CONCRETO CONVENCIONAL B1-B2 CALC., LANC. EM FUND. | G69: m³ | H69: 0.004 | I69: 543.95 | J69: 2.17
A70: Insumo | B70: 55.10.88 | C70: SUDECAP | D70: SERVENTE | E70: Mão de Obra | G70: H | H70: 0.016466118 | I70: 15.79 | J70: 0.26
A71: Insumo | B71: 60.40.10 | C71: SUDECAP | D71: TELA PLASTICA LARANJA, TIPO TAPUME PARA SINALIZACAO, MALHA RETANGULAR, ROLO 1.20 X 50 M (L X C) | E71: Material | G71: M | H71: 1 | I71: 2.2 | J71: 2.2
A72: Insumo | B72: 71.04.08 | C72: SUDECAP | D72: PECA DE MADEIRA DE PINUS 5,5X5,5 CM | E72: Material | G72: M | H72: 1.25 | I72: 2.78 | J72: 3.47
J75: 0
A76: 1.6 | B76: Código | C76: Banco | D76: Descrição | E76: Tipo | G76: Und | H76: Quant. | I76: Valor Unit | J76: Total
A77: Composição | B77: 01.04.10 | C77: SUDECAP | D77: TAPUME PADRAO SUDECAP (TIPO I, II E III) - PROTEÇAO COM FITA ZEBRADA AMARELA L=7CM E PEÇA 7X7 | E77: TAPUME PADRAO SUDECAP (TIPO I, II E III) | G77: M | H77: 1 | I77: 7.27 | J77: 7.27
A78: Composição Auxiliar | B78: 40.09.05 | C78: SUDECAP | D78: CONCRETO 1:4:8, B1-B2 CALCARIA,LANCADO EM FUNDACAO | E78: CONCRETO CONVENCIONAL B1-B2 CALC., LANC. EM FUND. | G78: m³ | H78: 0.0064 | I78: 543.95 | J78: 3.48
A79: Composição Auxiliar | B79: 40.20.11 | C79: SUDECAP | D79: FORMA DE TABUA DE PINHO DE 3a. TIPO E (P/ BERCO) | E79: FORMA E ESCORAMENTO | G79: m² | H79: 0.036 | I79: 26.59 | J79: 0.95
A80: Insumo | B80: 55.10.75 | C80: SUDECAP | D80: PEDREIRO | E80: Mão de Obra | G80: H | H80: 0.08 | I80: 22.52 | J80: 1.8
A81: Insumo | B81: 55.10.88 | C81: SUDECAP | D81: SERVENTE | E81: Mão de Obra | G81: H | H81: 0.059531349 | I81: 15.79 | J81: 0.94
A82: Insumo | B82: 71.04.08 | C82: SUDECAP | D82: PECA DE MADEIRA DE PINUS 5,5X5,5 CM | E82: Material | G82: M | H82: 0.02 | I82: 2.78 | J82: 0.05
A83: Insumo | B83: 84.20.20 | C83: SUDECAP | D83: FITA ZEBRADA PARA SINALIZAÇAO ROLO DE 200M | E83: Material | G83: M | H83: 1.08 | I83: 0.05 | J83: 0.05
J86: 0
A87: 1.7 | B87: Código | C87: Banco | D87: Descrição | E87: Tipo | G87: Und | H87: Quant. | I87: Valor Unit | J87: Total
A88: Composição | B88: 01.04.11 | C88: SUDECAP | D88: TAPUME PADRAO SUDECAP (TIPO I, II E III) - FITA ZEBRADA AMARELA PARA SINALIZAÇAO L= 7CM | E88: TAPUME PADRAO SUDECAP (TIPO I, II E III) | G88: M | H88: 1 | I88: 2.99 | J88: 2.99
A89: Insumo | B89: 55.10.75 | C89: SUDECAP | D89: PEDREIRO | E89: Mão de Obra | G89: H | H89: 0.08 | I89: 22.52 | J89: 1.8
A90: Insumo | B90: 55.10.88 | C90: SUDECAP | D90: SERVENTE | E90: Mão de Obra | G90: H | H90: 0.072197593 | I90: 15.79 | J90: 1.14
A91: Insumo | B91: 84.20.20 | C91: SUDECAP | D91: FITA ZEBRADA PARA SINALIZAÇAO ROLO DE 200M | E91: Material | G91: M | H91: 1.05 | I91: 0.05 | J91: 0.05
J94: 0
A95: 1.8 | B95: Código | C95: Banco | D95: Descrição | E95: Tipo | G95: Und | H95: Quant. | I95: Valor Unit | J95: Total
A96: Composição | B96: 01.04.20 | C96: SUDECAP | D96: TAPUME PADRAO SUDECAP (TIPO I, II E III) - REMANEJAMENTO DE TAPUME | E96: TAPUME PADRAO SUDECAP (TIPO I, II E III) | G96: M | H96: 1 | I96: 7.7 | J96: 7.7
A97: Insumo | B97: 55.10.50 | C97: SUDECAP | D97: CARPINTEIRO | E97: Mão de Obra | G97: H | H97: 0.09 | I97: 22.52 | J97: 2.02
A98: Insumo | B98: 55.10.88 | C98: SUDECAP | D98: SERVENTE | E98: Mão de Obra | G98: H | H98: 0.35972134 | I98: 15.79 | J98: 5.68
J101: 0
A102: 1.9 | B102: Código | C102: Banco | D102: Descrição | E102: Tipo | G102: Und | H102: Quant. | I102: Valor Unit | J102: Total
A103: Composição | B103: 01.05.05 | C103: SUDECAP | D103: CERCA PADRAO SUDECAP - TIPO 1 - PECA 8X8 CADA 2,00M E 5 FIOS ARAME GALVANIZADO | E103: CERCA PADRAO SUDECAP | G103: M | H103: 1 | I103: 17.21 | J103: 17.21
A104: Insumo | B104: 55.10.88 | C104: SUDECAP | D104: SERVENTE | E104: Mão de Obra | G104: H | H104: 0.44395187 | I104: 15.79 | J104: 7.01
A105: Insumo | B105: 60.35.16 | C105: SUDECAP | D105: ARAME GALVANIZADO 16 BWG, 1,65MM (0,0166 KG/M) | E105: Material | G105: KG | H105: 0.043575 | I105: 18.9 | J105: 0.82
A106: Insumo | B106: 55.10.50 | C106: SUDECAP | D106: CARPINTEIRO | E106: Mão de Obra | G106: H | H106: 0.32 | I106: 22.52 | J106: 7.2
A107: Insumo | B107: 71.04.08 | C107: SUDECAP | D107: PECA DE MADEIRA DE PINUS 5,5X5,5 CM | E107: Material | G107: M | H107: 0.525 | I107: 2.78 | J107: 1.45
A108: Insumo | B108: 77.09.10 | C108: SUDECAP | D108: GRAMPO DE ACO POLIDO 1 " X 9 | E108: Material | G108: KG | H108: 0.025 | I108: 29.21 | J108: 0.73
J111: 0
A112: 1.10 | B112: Código | C112: Banco | D112: Descrição | E112: Tipo | G112: Und | H112: Quant. | I112: Valor Unit | J112: Total
A113: Composição | B113: 01.06.01 | C113: SUDECAP | D113: INSTALAÇAO PROVISORIA - CONCESSIONARIA - PADRÃO CEMIG PROVISÓRIO TIPO C3, DEMANDA PROVÁVEL DE 23,1 ATÉ 27,0KW (3F+N) | E113: INSTALAÇAO PROVISORIA - CONCESSIONARIA | G113: UN | H113: 1 | I113: 778.42 | J113: 778.42
A114: Insumo | B114: 55.10.55 | C114: SUDECAP | D114: ELETRICISTA | E114: Mão de Obra | G114: H | H114: 2.2952931 | I114: 22.52 | J114: 51.68
A115: Insumo | B115: 55.10.10 | C115: SUDECAP | D115: AUXILIAR BOMBEIRO/ELETRICISTA | E115: Mão de Obra | G115: H | H115: 2 | I115: 15.79 | J115: 31.58
A116: Insumo | B116: 60.35.12 | C116: SUDECAP | D116: ARAME GALVANIZADO 12 BWG, 2,76 MM (0,048 KG/M) | E116: Material | G116: KG | H116: 0.125 | I116: 17.5 | J116: 2.18
A117: Insumo | B117: 74.02.13 | C117: SUDECAP | D117: ELETRODUTO GALV. À QUENTE, PESADO, PAREDE 2,65MM, 1 1/4", CONF. ABNT NBR 5598 OU EQUIVALENTE | E117: Material | G117: M | H117: 1.25 | I117: 46.67 | J117: 58.33
A118: Insumo | B118: 74.08.31 | C118: SUDECAP | D118: CX. PADRAO CEMIG P/MED.POLIF.E DISJ. 46x35x21 CM-2 OU EQUIVALENTE | E118: Material | G118: UN | H118: 0.25 | I118: 225.09 | J118: 56.27
A119: Insumo | B119: 74.10.28 | C119: SUDECAP | D119: DISJUNTOR TERMOMAGNÉTICO TIPO NEMA, TRIPOLAR 70A, TENSAO MAXIMA DE 240 V | E119: Material | G119: UN | H119: 0.25 | I119: 132.81 | J119: 33.2
A120: Insumo | B120: 74.28.05 | C120: SUDECAP | D120: CONECTOR METALICO TIPO PARAFUSO FENDIDO (SPLIT BOLT), PARA CABOS 25 MM2 | E120: Material | G120: UN | H120: 1.75 | I120: 10.27 | J120: 17.97
...

Sheet BDI
A1: PREFEITURA MUNICIPAL DE SANTA LUZIA
B2: ='Orçamento Sintético'!D2 -> Objeto:
B3: ='Orçamento Sintético'!D3 -> Registro de preço para futura e eventual contratação de empresa para prestação de implantação e manutenção de serviços de drenagem, restauração de pavimentação em vias e logradouros públicos, inclusive fornecimento de mão de obra, materiais e equipamentos e serviços de manutenção, limpeza, drenagem, dragagem e desassoreamento de rios e córregos.
A5: Acórdão TCU 2622/2013
A6: Parâmetros para cálculo do BDI
A7: Itens Admissíveis | B7: Intervalos admissíveis sem justificativa | H7: Índices adotados
A9: Administração Central (AC) | B9: De | C9: 0.038 | E9: até | F9: 0.0467 | H9: Administração Central (AC) | I9: 0.0467
A10: Seguro e Garantia (S+G) | B10: De | C10: 0.0032 | E10: até | F10: 0.0074 | H10: Seguro e Garantia (S+G) | I10: 0.0074
A11: Risco (R) | B11: De | C11: 0.005 | E11: até | F11: 0.0097 | H11: Risco (R) | I11: 0.0056
A12: Despesas financeiras (DF) | B12: De | C12: 0.0102 | E12: até | F12: 0.0121 | H12: Despesas financeiras (DF) | I12: 0.0121
A13: Lucro (L) | B13: De | C13: 0.0664 | E13: até | F13: 0.0869 | H13: Lucro (L) | I13: 0.0869
A14: ISS | B14: De | C14: 0.02 | E14: até | F14: 0.05 | H14: Tributos (T) | I14: 0.025
A15: PIS+COFINS | F15: 0.0365 | H15: PIS+COFINS | I15: 0.0365
A16: CPRB | C16: 0 | E16: ou | F16: 0.045 | H16: INSS desoneração (E) | I16: 0
A17: Controle
A18: Administração Central (AC) | B18: OK
A19: Seguro e Garantia (S+G) | B19: OK
A20: Risco (R) | B20: OK
A21: Despesas financeiras (DF) | B21: OK
A22: Lucro (L) | B22: OK
A23: Tributos (T) | B23: OK
A24: INSS desoneração (E) | B24: OK
A25: BDI CALCULADO ----> | B25: BDI = (1+AC+S+R+G)*(1+DF)*(1+L)/(1-(T+E)) | I25: =((1+I9+I10+I11)*(1+I12)*(1+I13))/(1-(I14+I16+I15))-1 -> 0.24211461
A34: CONSTRUTORA SINARCO LTDA
A35: CNPJ 03.367.118/0001-40
A36: Cristiano Mendonça de Novaes
A37: Presidente Diretor
A38: CPF 006.488.636-03

Sheet Cronograma
A1: PREFEITURA MUNICIPAL DE SANTA LUZIA
B2: ='Orçamento Sintético'!$D$2 -> Objeto: | C2: Bancos | F2: B.D.I. | G2: Encargos Sociais
B3: ='Orçamento Sintético'!D3 -> Registro de preço para futura e eventual contratação de empresa para prestação de implantação e manutenção de serviços de drenagem, restauração de pavimentação em vias e logradouros públicos, inclusive fornecimento de mão de obra, materiais e equipamentos e serviços de manutenção, limpeza, drenagem, dragagem e desassoreamento de rios e córregos. | C3: SINAPI - 11/2022 - Minas Gerais SBC - 12/2022 - Minas Gerais SICRO3 - 07/2022 - Minas Gerais SETOP - 10/2022 - Minas Gerais SUDECAP - 10/2022 - Minas Gerais COPASA - 10/2022 - Minas Gerais | F3: 24,21% | G3: Não Desonerado: embutido nos preços unitário dos insumos de mão de obra, de acordo com as bases.
A4: CRONOGRAMA FÍSICO-FINANCEIRO
A5: Item | B5: Descrição | C5: Total Por Etapa | D5: % | E5: MÊS
D6: R$ | E6: 1 | F6: 2 | G6: 3 | H6: 4 | I6: 5 | J6: 6 | K6: 7 | L6: 8 | M6: 9 | N6: 10 | O6: 11 | P6: 12
A7: 1 | B7: SERVIÇOS PRELIMINARES | C7: =VLOOKUP(A7,'Orçamento Sintético'!$A$8:$J$365,9,0) -> 734446.94 | D7: % | E7: 0.0833 | F7: 0.0833 | G7: 0.0833 | H7: 0.0833 | I7: 0.0833 | J7: 0.0833 | K7: 0.0833 | L7: 0.0833 | M7: 0.0834 | N7: 0.0834 | O7: 0.0834 | P7: 0.0834 | Q7: =SUM(E7:P7) -> 1
D8: R$ | E8: =$C7*E7 -> 61179.43 | F8: =$C7*F7 -> 61179.43 | G8: =$C7*G7 -> 61179.43 | H8: =$C7*H7 -> 61179.43 | I8: =$C7*I7 -> 61179.43 | J8: =$C7*J7 -> 61179.43 | K8: =$C7*K7 -> 61179.43 | L8: =$C7*L7 -> 61179.43 | ... P8: =$C7*P7 -> 61252.875
A9: 2 | B9: LOCACAO DE REDE E NOTAS DE SERVIÇO | C9: =VLOOKUP(A9,'Orçamento Sintético'!$A$8:$J$365,9,0) -> 35350 | D9: % | E9: 0.0833 | F9: 0.0833 | G9: 0.0833 | H9: 0.0833 | I9: 0.0833 | J9: 0.0833 | K9: 0.0833 | L9: 0.0833 | M9: 0.0834 | N9: 0.0834 | O9: 0.0834 | P9: 0.0834
D10: R$ | E10: =$C9*E9 -> 2944.655 | F10: =$C9*F9 -> 2944.655 | G10: =$C9*G9 -> 2944.655 | H10: =$C9*H9 -> 2944.655 | I10: =$C9*I9 -> 2944.655 | J10: =$C9*J9 -> 2944.655 | K10: =$C9*K9 -> 2944.655 | L10: =$C9*L9 -> 2944.655 | ... P10: =$C9*P9 -> 2948.19
A11: 3 | B11: MOBILIZAÇÃO E DESMOBILIZAÇÃO DE EQUIPAMENTOS | C11: =VLOOKUP(A11,'Orçamento Sintético'!$A$8:$J$365,9,0) -> 401294.4 | D11: % | E11: 0.0833 | F11: 0.0833 | G11: 0.0833 | H11: 0.0833 | I11: 0.0833 | J11: 0.0833 | K11: 0.0833 | L11: 0.0833 | M11: 0.0834 | N11: 0.0834 | O11: 0.0834 | P11: 0.0834
D12: R$ | E12: =$C11*E11 -> 33427.824 | F12: =$C11*F11 -> 33427.824 | G12: =$C11*G11 -> 33427.824 | H12: =$C11*H11 -> 33427.824 | I12: =$C11*I11 -> 33427.824 | J12: =$C11*J11 -> 33427.824 | K12: =$C11*K11 -> 33427.824 | L12: =$C11*L11 -> 33427.824 | ... P12: =$C11*P11 -> 33467.953
A13: 4 | B13: DEMOLIÇÕES E REMOÇÕES | C13: =VLOOKUP(A13,'Orçamento Sintético'!$A$8:$J$365,9,0) -> 564162.6 | D13: % | E13: 0.0833 | F13: 0.0833 | G13: 0.0833 | H13: 0.0833 | I13: 0.0833 | J13: 0.0833 | K13: 0.0833 | L13: 0.0833 | M13: 0.0834 | N13: 0.0834 | O13: 0.0834 | P13: 0.0834
D14: R$ | E14: =$C13*E13 -> 46994.745 | F14: =$C13*F13 -> 46994.745 | G14: =$C13*G13 -> 46994.745 | H14: =$C13*H13 -> 46994.745 | I14: =$C13*I13 -> 46994.745 | J14: =$C13*J13 -> 46994.745 | K14: =$C13*K13 -> 46994.745 | L14: =$C13*L13 -> 46994.745 | ... P14: =$C13*P13 -> 47051.161
A15: 5 | B15: TRABALHOS EM TERRA | C15: =VLOOKUP(A15,'Orçamento Sintético'!$A$8:$J$365,9,0) -> 4683817.6 | D15: % | E15: 0.0833 | F15: 0.0833 | G15: 0.0833 | H15: 0.0833 | I15: 0.0833 | J15: 0.0833 | K15: 0.0833 | L15: 0.0833 | M15: 0.0834 | N15: 0.0834 | O15: 0.0834 | P15: 0.0834
D16: R$ | E16: =$C15*E15 -> 390162.01 | F16: =$C15*F15 -> 390162.01 | G16: =$C15*G15 -> 390162.01 | H16: =$C15*H15 -> 390162.01 | I16: =$C15*I15 -> 390162.01 | J16: =$C15*J15 -> 390162.01 | K16: =$C15*K15 -> 390162.01 | L16: =$C15*L15 -> 390162.01 | ... P16: =$C15*P15 -> 390630.39
A17: 6 | B17: FUNDAÇÕES | C17: =VLOOKUP(A17,'Orçamento Sintético'!$A$8:$J$365,9,0) -> 1742606.3 | D17: % | E17: 0.0833 | F17: 0.0833 | G17: 0.0833 | H17: 0.0833 | I17: 0.0833 | J17: 0.0833 | K17: 0.0833 | L17: 0.0833 | M17: 0.0834 | N17: 0.0834 | O17: 0.0834 | P17: 0.0834
D18: R$ | E18: =$C17*E17 -> 145159.1 | F18: =$C17*F17 -> 145159.1 | G18: =$C17*G17 -> 145159.1 | H18: =$C17*H17 -> 145159.1 | I18: =$C17*I17 -> 145159.1 | J18: =$C17*J17 -> 145159.1 | K18: =$C17*K17 -> 145159.1 | L18: =$C17*L17 -> 145159.1 | ... P18: =$C17*P17 -> 145333.37
A19: 7 | B19: DRENAGEM | C19: =VLOOKUP(A19,'Orçamento Sintético'!$A$8:$J$365,9,0) -> 21224046 | D19: % | E19: 0.0833 | F19: 0.0833 | G19: 0.0833 | H19: 0.0833 | I19: 0.0833 | J19: 0.0833 | K19: 0.0833 | L19: 0.0833 | M19: 0.0834 | N19: 0.0834 | O19: 0.0834 | P19: 0.0834
D20: R$ | E20: =$C19*E19 -> 1767963.1 | F20: =$C19*F19 -> 1767963.1 | G20: =$C19*G19 -> 1767963.1 | H20: =$C19*H19 -> 1767963.1 | I20: =$C19*I19 -> 1767963.1 | J20: =$C19*J19 -> 1767963.1 | K20: =$C19*K19 -> 1767963.1 | L20: =$C19*L19 -> 1767963.1 | ... P20: =$C19*P19 -> 1770085.5
A21: 8 | B21: GALERIA CELULAR E/OU CONTENÇOES | C21: =VLOOKUP(A21,'Orçamento Sintético'!$A$8:$J$365,9,0) -> 19469266 | D21: % | E21: 0.0833 | F21: 0.0833 | G21: 0.0833 | H21: 0.0833 | I21: 0.0833 | J21: 0.0833 | K21: 0.0833 | L21: 0.0833 | M21: 0.0834 | N21: 0.0834 | O21: 0.0834 | P21: 0.0834
D22: R$ | E22: =$C21*E21 -> 1621789.8 | F22: =$C21*F21 -> 1621789.8 | G22: =$C21*G21 -> 1621789.8 | H22: =$C21*H21 -> 1621789.8 | I22: =$C21*I21 -> 1621789.8 | J22: =$C21*J21 -> 1621789.8 | K22: =$C21*K21 -> 1621789.8 | L22: =$C21*L21 -> 1621789.8 | ... P22: =$C21*P21 -> 1623736.8
A23: 9 | B23: ESTRUTURAS DE CONCRETO E METÁLICA | C23: =VLOOKUP(A23,'Orçamento Sintético'!$A$8:$J$365,9,0) -> 622616.5 | D23: % | E23: 0.0833 | F23: 0.0833 | G23: 0.0833 | H23: 0.0833 | I23: 0.0833 | J23: 0.0833 | K23: 0.0833 | L23: 0.0833 | M23: 0.0834 | N23: 0.0834 | O23: 0.0834 | P23: 0.0834
D24: R$ | E24: =$C23*E23 -> 51863.954 | F24: =$C23*F23 -> 51863.954 | G24: =$C23*G23 -> 51863.954 | H24: =$C23*H23 -> 51863.954 | I24: =$C23*I23 -> 51863.954 | J24: =$C23*J23 -> 51863.954 | K24: =$C23*K23 -> 51863.954 | L24: =$C23*L23 -> 51863.954 | ... P24: =$C23*P23 -> 51926.216
A25: 10 | B25: ESGOTO | C25: =VLOOKUP(A25,'Orçamento Sintético'!$A$8:$J$365,9,0) -> 34376.4 | D25: % | E25: 0.0833 | F25: 0.0833 | G25: 0.0833 | H25: 0.0833 | I25: 0.0833 | J25: 0.0833 | K25: 0.0833 | L25: 0.0833 | M25: 0.0834 | N25: 0.0834 | O25: 0.0834 | P25: 0.0834
D26: R$ | E26: =$C25*E25 -> 2863.5541 | F26: =$C25*F25 -> 2863.5541 | G26: =$C25*G25 -> 2863.5541 | H26: =$C25*H25 -> 2863.5541 | I26: =$C25*I25 -> 2863.5541 | J26: =$C25*J25 -> 2863.5541 | K26: =$C25*K25 -> 2863.5541 | L26: =$C25*L25 -> 2863.5541 | ... P26: =$C25*P25 -> 2866.9918
A27: 11 | B27: SERRALHERIA | C27: =VLOOKUP(A27,'Orçamento Sintético'!$A$8:$J$365,9,0) -> 237588 | D27: % | E27: 0.0833 | F27: 0.0833 | G27: 0.0833 | H27: 0.0833 | I27: 0.0833 | J27: 0.0833 | K27: 0.0833 | L27: 0.0833 | M27: 0.0834 | N27: 0.0834 | O27: 0.0834 | P27: 0.0834
D28: R$ | E28: =$C27*E27 -> 19791.08 | F28: =$C27*F27 -> 19791.08 | G28: =$C27*G27 -> 19791.08 | H28: =$C27*H27 -> 19791.08 | I28: =$C27*I27 -> 19791.08 | J28: =$C27*J27 -> 19791.08 | K28: =$C27*K27 -> 19791.08 | L28: =$C27*L27 -> 19791.08 | ... P28: =$C27*P27 -> 19814.839
A29: 12 | B29: REVESTIMENTO | C29: =VLOOKUP(A29,'Orçamento Sintético'!$A$8:$J$365,9,0) -> 99920 | D29: % | E29: 0.0833 | F29: 0.0833 | G29: 0.0833 | H29: 0.0833 | I29: 0.0833 | J29: 0.0833 | K29: 0.0833 | L29: 0.0833 | M29: 0.0834 | N29: 0.0834 | O29: 0.0834 | P29: 0.0834
D30: R$ | E30: =$C29*E29 -> 8323.336 | F30: =$C29*F29 -> 8323.336 | G30: =$C29*G29 -> 8323.336 | H30: =$C29*H29 -> 8323.336 | I30: =$C29*I29 -> 8323.336 | J30: =$C29*J29 -> 8323.336 | K30: =$C29*K29 -> 8323.336 | L30: =$C29*L29 -> 8323.336 | ... P30: =$C29*P29 -> 8333.328
A31: 13 | B31: PISOS | C31: =VLOOKUP(A31,'Orçamento Sintético'!$A$8:$J$365,9,0) -> 8232 | D31: % | E31: 0.0833 | F31: 0.0833 | G31: 0.0833 | H31: 0.0833 | I31: 0.0833 | J31: 0.0833 | K31: 0.0833 | L31: 0.0833 | M31: 0.0834 | N31: 0.0834 | O31: 0.0834 | P31: 0.0834
D32: R$ | E32: =$C31*E31 -> 685.7256 | F32: =$C31*F31 -> 685.7256 | G32: =$C31*G31 -> 685.7256 | H32: =$C31*H31 -> 685.7256 | I32: =$C31*I31 -> 685.7256 | J32: =$C31*J31 -> 685.7256 | K32: =$C31*K31 -> 685.7256 | L32: =$C31*L31 -> 685.7256 | ... P32: =$C31*P31 -> 686.5488
A33: 14 | B33: PAVIMENTAÇÃO | C33: =VLOOKUP(A33,'Orçamento Sintético'!$A$8:$J$365,9,0) -> 18271610 | D33: % | E33: 0.0833 | F33: 0.0833 | G33: 0.0833 | H33: 0.0833 | I33: 0.0833 | J33: 0.0833 | K33: 0.0833 | L33: 0.0833 | M33: 0.0834 | N33: 0.0834 | O33: 0.0834 | P33: 0.0834
D34: R$ | E34: =$C33*E33 -> 1522025.1 | F34: =$C33*F33 -> 1522025.1 | G34: =$C33*G33 -> 1522025.1 | H34: =$C33*H33 -> 1522025.1 | I34: =$C33*I33 -> 1522025.1 | J34: =$C33*J33 -> 1522025.1 | K34: =$C33*K33 -> 1522025.1 | L34: =$C33*L33 -> 1522025.1 | ... P34: =$C33*P33 -> 1523852.3
A35: 15 | B35: URBANIZAÇÃO E OBRAS COMPLEMENTARES | C35: =VLOOKUP(A35,'Orçamento Sintético'!$A$8:$J$365,9,0) -> 5067027.4 | D35: % | E35: 0.0833 | F35: 0.0833 | G35: 0.0833 | H35: 0.0833 | I35: 0.0833 | J35: 0.0833 | K35: 0.0833 | L35: 0.0833 | M35: 0.0834 | N35: 0.0834 | O35: 0.0834 | P35: 0.0834
D36: R$ | E36: =$C35*E35 -> 422083.38 | F36: =$C35*F35 -> 422083.38 | G36: =$C35*G35 -> 422083.38 | H36: =$C35*H35 -> 422083.38 | I36: =$C35*I35 -> 422083.38 | J36: =$C35*J35 -> 422083.38 | K36: =$C35*K35 -> 422083.38 | L36: =$C35*L35 -> 422083.38 | ... P36: =$C35*P35 -> 422590.09
A37: 16 | B37: SERVIÇOS DE MANUTENÇÃO, LIMPEZA, DRENAGEM E DESASSOREAMENTO DE RIOS E CÓRREGOS | C37: =VLOOKUP(A37,'Orçamento Sintético'!$A$8:$J$365,9,0) -> 816500 | D37: % | E37: 0.0833 | F37: 0.0833 | G37: 0.0833 | H37: 0.0833 | I37: 0.0833 | J37: 0.0833 | K37: 0.0833 | L37: 0.0833 | M37: 0.0834 | N37: 0.0834 | O37: 0.0834 | P37: 0.0834
D38: R$ | E38: =$C37*E37 -> 68014.45 | F38: =$C37*F37 -> 68014.45 | G38: =$C37*G37 -> 68014.45 | H38: =$C37*H37 -> 68014.45 | I38: =$C37*I37 -> 68014.45 | J38: =$C37*J37 -> 68014.45 | K38: =$C37*K37 -> 68014.45 | L38: =$C37*L37 -> 68014.45 | ... P38: =$C37*P37 -> 68096.1
A39: 17 | B39: EQUIPAMENTOS | C39: =VLOOKUP(A39,'Orçamento Sintético'!$A$8:$J$365,9,0) -> 5048110.8 | D39: % | E39: 0.0833 | F39: 0.0833 | G39: 0.0833 | H39: 0.0833 | I39: 0.0833 | J39: 0.0833 | K39: 0.0833 | L39: 0.0833 | M39: 0.0834 | N39: 0.0834 | O39: 0.0834 | P39: 0.0834
D40: R$ | E40: =$C39*E39 -> 420507.63 | F40: =$C39*F39 -> 420507.63 | G40: =$C39*G39 -> 420507.63 | H40: =$C39*H39 -> 420507.63 | I40: =$C39*I39 -> 420507.63 | J40: =$C39*J39 -> 420507.63 | K40: =$C39*K39 -> 420507.63 | L40: =$C39*L39 -> 420507.63 | ... P40: =$C39*P39 -> 421012.44
A41: 18 | B41: VEÍCULOS | C41: =VLOOKUP(A41,'Orçamento Sintético'!$A$8:$J$365,9,0) -> 160994.88 | D41: % | E41: 0.0833 | F41: 0.0833 | G41: 0.0833 | H41: 0.0833 | I41: 0.0833 | J41: 0.0833 | K41: 0.0833 | L41: 0.0833 | M41: 0.0834 | N41: 0.0834 | O41: 0.0834 | P41: 0.0834
D42: R$ | E42: =$C41*E41 -> 13410.874 | F42: =$C41*F41 -> 13410.874 | G42: =$C41*G41 -> 13410.874 | H42: =$C41*H41 -> 13410.874 | I42: =$C41*I41 -> 13410.874 | J42: =$C41*J41 -> 13410.874 | K42: =$C41*K41 -> 13410.874 | L42: =$C41*L41 -> 13410.874 | ... P42: =$C41*P41 -> 13426.973
A43: 19 | B43: SERVIÇOS TÉCNICOS | C43: =VLOOKUP(A43,'Orçamento Sintético'!$A$8:$J$365,9,0) -> 364589.1 | D43: % | E43: 0.0833 | F43: 0.0833 | G43: 0.0833 | H43: 0.0833 | I43: 0.0833 | J43: 0.0833 | K43: 0.0833 | L43: 0.0833 | M43: 0.0834 | N43: 0.0834 | O43: 0.0834 | P43: 0.0834
D44: R$ | E44: =$C43*E43 -> 30370.272 | F44: =$C43*F43 -> 30370.272 | G44: =$C43*G43 -> 30370.272 | H44: =$C43*H43 -> 30370.272 | I44: =$C43*I43 -> 30370.272 | J44: =$C43*J43 -> 30370.272 | K44: =$C43*K43 -> 30370.272 | L44: =$C43*L43 -> 30370.272 | ... P44: =$C43*P43 -> 30406.731
A45: 20 | B45: ADMINISTRAÇÃO LOCAL | C45: =VLOOKUP(A45,'Orçamento Sintético'!$A$8:$J$365,9,0) -> 5980841.2 | D45: % | E45: 0.0833 | F45: 0.0833 | G45: 0.0833 | H45: 0.0833 | I45: 0.0833 | J45: 0.0833 | K45: 0.0833 | L45: 0.0833 | M45: 0.0834 | N45: 0.0834 | O45: 0.0834 | P45: 0.0834
D46: R$ | E46: =$C45*E45 -> 498204.07 | F46: =$C45*F45 -> 498204.07 | G46: =$C45*G45 -> 498204.07 | H46: =$C45*H45 -> 498204.07 | I46: =$C45*I45 -> 498204.07 | J46: =$C45*J45 -> 498204.07 | K46: =$C45*K45 -> 498204.07 | L46: =$C45*L45 -> 498204.07 | ... P46: =$C45*P45 -> 498802.16
A47: Porcentagem | C47: =SUM(C7:C46) -> 85567396 | E47: =E48/$C$47 -> 0.0833 | F47: =F48/$C$47 -> 0.0833 | G47: =G48/$C$47 -> 0.0833 | H47: =H48/$C$47 -> 0.0833 | I47: =I48/$C$47 -> 0.0833 | J47: =J48/$C$47 -> 0.0833 | K47: =K48/$C$47 -> 0.0833 | L47: =L48/$C$47 -> 0.0833 | ... P47: =P48/$C$47 -> 0.0834
A48: Custo | E48: =SUMIF($D$7:$D$46,"r$",E7:E46) -> 7127764.1 | F48: =SUMIF($D$7:$D$46,"r$",F7:F46) -> 7127764.1 | G48: =SUMIF($D$7:$D$46,"r$",G7:G46) -> 7127764.1 | H48: =SUMIF($D$7:$D$46,"r$",H7:H46) -> 7127764.1 | I48: =SUMIF($D$7:$D$46,"r$",I7:I46) -> 7127764.1 | J48: =SUMIF($D$7:$D$46,"r$",J7:J46) -> 7127764.1 | K48: =SUMIF($D$7:$D$46,"r$",K7:K46) -> 7127764.1 | L48: =SUMIF($D$7:$D$46,"r$",L7:L46) -> 7127764.1 | ... P48: =SUMIF($D$7:$D$46,"r$",P7:P46) -> 7136320.9
A49: Porcentagem Acumulado | E49: =E47 -> 0.0833 | F49: =E49+F47 -> 0.1666 | G49: =F49+G47 -> 0.2499 | H49: =G49+H47 -> 0.3332 | I49: =H49+I47 -> 0.4165 | J49: =I49+J47 -> 0.4998 | K49: =J49+K47 -> 0.5831 | L49: =K49+L47 -> 0.6664 | M49: =L49+M47 -> 0.7498 | ... P49: =O49+P47 -> 1
A50: Custo Acumulado | E50: =E48 -> 7127764.1 | F50: =F48+E50 -> 14255528 | G50: =G48+F50 -> 21383292 | H50: =H48+G50 -> 28511056 | I50: =I48+H50 -> 35638821 | J50: =J48+I50 -> 42766585 | K50: =K48+J50 -> 49894349 | L50: =L48+K50 -> 57022113 | M50: =M48+L50 -> 64158434 | ... P50: =P48+O50 -> 85567396
A61: CONSTRUTORA SINARCO LTDA
A62: CNPJ 03.367.118/0001-40
A63: Cristiano Mendonça de Novaes
A64: Presidente Diretor
A65: CPF 006.488.636-03

Sheet ENCARGOS EDIFICAÇÕES
A1: CONSTRUTORA SINARCO LTDA
A5: DEMONSTRATIVO DOS ENCARGOS SOCIAIS - OBRAS DE EDIFICAÇÃO
A7: MINAS GERAIS | F7: VIGÊNCIA A PARTIR DE 12/2022
A9: ENCARGOS SOCIAIS SOBRE A MÃO DE OBRA
A10: CÓDIGO | B10: DESCRIÇÃO | C10: COM DESONERAÇÃO | E10: SEM DESONERAÇÃO
C11: HORISTA % | D11: MENSALISTA % | E11: HORISTA % | F11: MENSALISTA %
A12: GRUPO A
A13: A1 | B13: INSS | C13: 0 | D13: 0 | E13: 0.2 | F13: 0.2
A14: A2 | B14: SESI | C14: 0.015 | D14: 0.015 | E14: 0.015 | F14: 0.015
A15: A3 | B15: SENAI | C15: 0.01 | D15: 0.01 | E15: 0.01 | F15: 0.01
A16: A4 | B16: INCRA | C16: 0.002 | D16: 0.002 | E16: 0.002 | F16: 0.002
A17: A5 | B17: SEBRAE | C17: 0.006 | D17: 0.006 | E17: 0.006 | F17: 0.006
A18: A6 | B18: Salário Educação | C18: 0.025 | D18: 0.025 | E18: 0.025 | F18: 0.025
A19: A7 | B19: Seguro Contra Acidentes de Trabalho | C19: 0.03 | D19: 0.03 | E19: 0.03 | F19: 0.03
A20: A8 | B20: FGTS | C20: 0.08 | D20: 0.08 | E20: 0.08 | F20: 0.08
A21: A9 | B21: SECONCI | C21: 0.012 | D21: 0.012 | E21: 0.012 | F21: 0.012
A22: A | B22: Total | C22: =SUM(C13:C21) -> 0.18 | D22: =SUM(D13:D21) -> 0.18 | E22: =SUM(E13:E21) -> 0.38 | F22: =SUM(F13:F21) -> 0.38
A23: GRUPO B
A24: B1 | B24: Repouso Semanal Remunerado | C24: 0.1777 | D24: Não Incide | E24: 0.1777 | F24: Não Incide
A25: B2 | B25: Feriados | C25: 0.0368 | D25: Não Incide | E25: 0.0368 | F25: Não Incide
A26: B3 | B26: Auxílio - Enfermidade | C26: 0.0088 | D26: 0.0066 | E26: 0.0088 | F26: 0.0066
A27: B4 | B27: 13º Salário | C27: 0.111 | D27: 0.0833 | E27: 0.111 | F27: 0.0833
A28: B5 | B28: Licença Paternidade | C28: 0.0007 | D28: 0.0005 | E28: 0.0007 | F28: 0.0005
A29: B6 | B29: Faltas Justificadas | C29: 0.0074 | D29: 0.0056 | E29: 0.0074 | F29: 0.0056
A30: B7 | B30: Dias de Chuva | C30: 0.0109 | D30: Não Incide | E30: 0.0109 | F30: Não Incide
A31: B8 | B31: Auxílio Acidente de Trabalho | C31: 0.0011 | D31: 0.0008 | E31: 0.0011 | F31: 0.0008
A32: B9 | B32: Férias Gozadas | C32: 0.1435 | D32: 0.1077 | E32: 0.1435 | F32: 0.1077
A33: B10 | B33: Salário Maternidade | C33: 0.0004 | D33: 0.0003 | E33: 0.0004 | F33: 0.0003
A34: B | B34: Total | C34: =SUM(C24:C33) -> 0.4983 | D34: =SUM(D24:D33) -> 0.2048 | E34: =SUM(E24:E33) -> 0.4983 | F34: =SUM(F24:F33) -> 0.2048
A35: GRUPO C
A36: C1 | B36: Aviso Prévio Indenizado | C36: 0.0599 | D36: 0.045 | E36: 0.0599 | F36: 0.045
A37: C2 | B37: Aviso Prévio Trabalhado | C37: 0.0014 | D37: 0.0011 | E37: 0.0014 | F37: 0.0011
A38: C3 | B38: Férias Indenizadas | C38: 0 | D38: 0 | E38: 0 | F38: 0
A39: C4 | B39: Depósito Rescisão Sem Justa Causa | C39: 0.027 | D39: 0.0203 | E39: 0.027 | F39: 0.0203
A40: C5 | B40: Indenização Adicional | C40: 0.005 | D40: 0.0038 | E40: 0.005 | F40: 0.0038
A41: C | B41: Total | C41: =SUM(C36:C40) -> 0.0933 | D41: =SUM(D36:D40) -> 0.0702 | E41: =SUM(E36:E40) -> 0.0933 | F41: =SUM(F36:F40) -> 0.0702
A42: GRUPO D
A43: D1 | B43: Reincidência de Grupo A sobre Grupo B | C43: 0.0897 | D43: 0.0369 | E43: 0.1894 | F43: 0.0778
A44: D2 | B44: Reincidência de Grupo A sobre Aviso Prévio Trabalhado e Reincidência do FGTS sobre Aviso Prévio Indenizado | C44: 0.005 | D44: 0.0038 | E44: 0.0053 | F44: 0.004
A45: D | B45: Total | C45: =SUM(C43:C44) -> 0.0947 | D45: =SUM(D43:D44) -> 0.0407 | E45: =SUM(E43:E44) -> 0.1947 | F45: =SUM(F43:F44) -> 0.0818
A46: TOTAL (A+B+C+D) | C46: =C22+C34+C41+C45 -> 0.8663 | D46: =D22+D34+D41+D45 -> 0.4957 | E46: =E22+E34+E41+E45 -> 1.1663 | F46: =F22+F34+F41+F45 -> 0.7368
A48: Fonte: Informação Di as de Chuva – INMET
A49: Fonte SINAPI:
A60: CONSTRUTORA SINARCO LTDA
A61: CNPJ 03.367.118/0001-40
A62: Cristiano Mendonça de Novaes
A63: Presidente Diretor
A64: CPF 006.488.636-03

Sheet ENCARGOS RODOVIÁRIA
A1: CONSTRUTORA SINARCO LTDA
A6: DEMONSTRATIVO DOS ENCARGOS SOCIAIS - OBRAS RODOVIÁRIAS
A8: ENCARGOS SOCIAIS SOBRE A MÃO DE OBRA
A9: CÓDIGO | B9: DESCRIÇÃO | C9: COM DESONERAÇÃO | D9: SEM DESONERAÇÃO
C10: HORISTA % | D10: HORISTA %
A11: GRUPO A
A12: 1 | B12: INSS | C12: 0 | D12: 0.2
A13: 2 | B13: SESI | C13: 0.015 | D13: 0.015
A14: 3 | B14: SENAI | C14: 0.01 | D14: 0.01
A15: 4 | B15: SEBRAE | C15: 0.006 | D15: 0.006
A16: 5 | B16: INCRA | C16: 0.002 | D16: 0.002
A17: 6 | B17: SALÁRIO EDUCAÇÃO | C17: 0.025 | D17: 0.025
A18: 7 | B18: RAT-RISTCO DE ACIDENTE TRABALHO X FAT - FATOR ACIDENTÁRIO DE PREVENÇÃO | C18: 0.03 | D18: 0.03
A19: 8 | B19: FGTS | C19: 0.08 | D19: 0.08
A20: A | B20: Total | C20: =SUM(C12:C19) -> 0.168 | D20: =SUM(D12:D19) -> 0.368
A21: GRUPO B
A22: 9 | B22: REPOUSO SEMANAL | C22: 0.192 | D22: 0.192
A23: 10 | B23: FÉRIAS | C23: 0.1263 | D23: 0.1263
A24: 11 | B24: FERIADOS | C24: 0.0462 | D24: 0.0462
A25: 12 | B25: FALTAS JUSTIFICADAS | C25: 0.0056 | D25: 0.0056
A26: 13 | B26: AUXÍLIO ENFERMIDADE E ACID. TRABALHO | C26: 0.0222 | D26: 0.0222
A27: 14 | B27: DESCANSO PATERNIDADE | C27: 0.0012 | D27: 0.0012
A28: 15 | B28: 13º SALÁRIO | C28: 0.1108 | D28: 0.1108
A29: B | B29: Total | C29: =SUM(C22:C28) -> 0.5043 | D29: =SUM(D22:D28) -> 0.5043
A30: GRUPO C
A31: 16 | B31: MULTA SOBRE FGTS (s/ justa causa) | C31: 0.0417 | D31: 0.0417
A32: 17 | B32: MULTA S/ FGTS-ADICIONAL (s/ justa causa) | C32: 0.0104 | D32: 0.0104
A33: 18 | B33: AVISO PRÉVIO INDEZINADO | C33: 0.1053 | D33: 0.1053
A34: 19 | B34: ACICIONAL A.P. (1/12 s/ férias e 13º Salário) | C34: 0.0198 | D34: 0.0198
A35: 20 | B35: INDENIZAÇÃO ADICIONAL | C35: 0.0087 | D35: 0.0087
A36: C | B36: Total | C36: =SUM(C31:C35) -> 0.1859 | D36: =SUM(D31:D35) -> 0.1859
A37: GRUPO D
A38: 21 | B38: REINCIDÊNCIA DE GRUPO A SOBRE GRUPO B | C38: 0.0847 | D38: 0.1856
A39: 22 | B39: REINCIDÊNCIA FGTS S/ADIC. A.P. NO 13º SALÁRIO E 1/3 FÉRIAS | C39: 0.0014 | D39: 0.0014
A40: 23 | B40: REINCIDÊNCIA DO FGTS S/ADIC. A.P. NO 13º SALÁRIO E 1/3 FÉRIAS - ADICIONAL | C40: 0.0011 | D40: 0.0011
A41: 24 | B41: LICENÇA MATERNIDADE | C41: 0.0005 | D41: 0.0005
A42: D | B42: Total | C42: =SUM(C38:C41) -> 0.0877 | D42: =SUM(D38:D41) -> 0.1886
A43: TOTAL (A+B+C+D) | C43: =C20+C29+C36+C42 -> 0.9459 | D43: =D20+D29+D36+D42 -> 1.2468
A49: CONSTRUTORA SINARCO LTDA
A50: CNPJ 03.367.118/0001-40
A51: Cristiano Mendonça de Novaes
A52: Presidente Diretor
A53: CPF 006.488.636-03
